Cogmind - Beta 11.1 @@@ ROGUE MODE // 2022.12.14 @ 02:26:17 // Winter2019/RPGLIKE Player: Pogmind Result: Establishing 0b11! Performance ------------- Evolutions (9) 4500 Regions Visited (41) 8200 Robots Destroyed (3443) 17215 Value Destroyed (223844) 223844 Prototype IDs (308) 6160 Alien Tech Used (19) 3800 Bonus (307113) 307113 TOTAL SCORE: 570832 Bonus ------- Triggered High Security 8000 High Alert Combat Kills 199295 Follower Combat Kills 1201 Entered Garrisons 1200 Used RIF Installer 3000 Network Hubs Disabled 800 Aligned with FarCom 300 Met Data Miner 300 Used Data Conduit 3000 MAIN.C Attacked Warlord 500 Warlord Defense Kills 35368 Built Enhanced Grunts 300 A7 Reached Mainframe 300 Met R17 at Cetus 500 Found Hidden Lab 3000 Decrypted A0 Command 3000 Hacked Protovariant 500 Scanned by Researcher 1000 Pursued by Intercept 5500 Recovered Sigix Corpse 2000 Destroyed MAIN.C Guards 500 Met MAIN.C 5000 Destroyed MAIN.C Shell 5000 Destroyed MAIN.C 10000 Met Architect 300 Destroyed A8 300 Destroyed A6 400 Destroyed A4 700 Destroyed A3 800 Destroyed A2 1000 Destroyed Architect 15000 Win 3000 Friendly Fire -3951 Cogmind --------- Core Integrity 1050/1050 Matter 265/300 Energy 238/240 System Corruption 0% Temperature Cool (5) Movement Flying (22) Location 0b11 Command Parts ------- > --- POWER (2) -------- Zero-point Reactor > --- PROPULSION (8) --- Flying Fortress v7 Cooled Q-thruster Cooled Q-thruster Cooled Q-thruster Cooled Q-thruster > --- UTILITY (10) ----- Experimental Power Amplifier Advanced Quantum Shading Machine Experimental Core Analyzer Precision Energy Filter Advanced Particle Accelerator Quantum Capacitor Experimental Reaction Control System Experimental Hardlight Generator Experimental System Purifier > --- WEAPON (6) ------- EMDS Improved Potential Cannon Sigix Shearcannon > --- INVENTORY (10) --- Advanced Particle Accelerator Experimental Phase Shifter Experimental Focal Shield Beam Splitter Experimental EM Disruption Field AEGIS Remote Shield Sigix Corpse Peak State ------------ > --- POWER ------------ Zero-point Reactor Zero-point Reactor > --- PROPULSION ------- Flying Fortress v7 Cooled Q-thruster Cooled Q-thruster Cooled Q-thruster Cooled Q-thruster > --- UTILITY ---------- Desublimator Experimental Power Amplifier Advanced Quantum Shading Machine Experimental Core Analyzer Precision Energy Filter Advanced Particle Accelerator Advanced Particle Accelerator Quantum Capacitor Experimental Reaction Control System > --- WEAPON ----------- EMDS Improved Potential Cannon Sigix Shearcannon > --- INVENTORY -------- Protomatter Experimental ECM Suite Experimental Focal Shield Beam Splitter Experimental EM Disruption Field Experimental Hardlight Generator AEGIS Remote Shield Experimental System Purifier Core Regenerator Gamma Refractor [Rating: 268] Favorites ----------- Power Vortex Chain Reactor Engine Light Angular Momentum Engine Power Core Fission Core Reactor Vortex Chain Reactor Propulsion Cooled Q-thruster Treads Improved Treads Leg Makeshift Leg Wheel High-density Centrium Wheel Hover Unit Cooled Airjet Flight Unit Cooled Q-thruster Utility Graphene Brace Device Graphene Brace Processor Experimental Core Analyzer Hackware Improved Hacking Suite Protection Experimental Powered Armor Artifact Core Physics Calibrator Weapon XL Autogun Array Energy Gun Medium Laser Energy Cannon EMDS Ballistic Gun XL Autogun Array Ballistic Cannon Omega Cannon Launcher Scatter Rocket Array Special Weapon Plasma Cutter Impact Weapon Power Maul Slashing Weapon Scythe Build | -11 -10 -10 -9 -9 -9 -8 -8 -8 -8 -8 -7 -7 -7 -7 -6 -6 -6 -6 -6 -6 -6 -5 -5 -5 -5 -4 -4 -4 -4 -3 -3 -3 -2 -2 -2 -2 -1 -1 -1 -1 -1 ------- Run | Scr Mat Min Mat Min Exi Min Mat Gar Mat Gar Fac Low Low Dat Pro Fac Ext Cet Arc Hub Gar Fac Upp Upp War Pro Fac Arm Lab Res Qua Gar Res Tes Sec Gar Acc Gar Acc Com Ac0 Slots Evolved 19 | 2 1 . 1 1 3 1 2 . 1 . 3 . . . . 1 . . . 1 . . . . . . . . . . . 1 1 . . . . . . . . Power 1 | . . . . . . . . . . . 1 . . . . . . . . . . . . . . . . . . . . . . . . . . . . . . Propulsion 6 | 1 . . . . 2 . . . . . 1 . . . . 1 . . . . . . . . . . . . . . . . 1 . . . . . . . . Utility 8 | . . . 1 1 . 1 1 . 1 . 1 . . . . . . . . 1 . . . . . . . . . . . 1 . . . . . . . . . Weapon 4 | 1 1 . . . 1 . 1 . . . . . . . . . . . . . . . . . . . . . . . . . . . . . . . . . . Parts Attached 572 | 6 16 4 40 13 38 3 36 2 9 . 18 6 . 4 . 14 5 5 . 10 . 9 1 . 40 1 8 4 17 17 15 5 14 42 38 8 15 4 21 46 38 Power 31 | 1 . . 3 1 4 . . . 2 . 3 . . . . 2 . . . . . . . . 10 . . . . . . . . . 2 . . . . 3 . Engine 12 | 1 . . 3 . 1 . . . . . 2 . . . . 1 . . . . . . . . 4 . . . . . . . . . . . . . . . . Core 9 | . . . . 1 2 . . . 2 . 1 . . . . 1 . . . . . . . . 2 . . . . . . . . . . . . . . . . Reactor 10 | . . . . . 1 . . . . . . . . . . . . . . . . . . . 4 . . . . . . . . . 2 . . . . 3 . Propulsion 65 | 2 2 . 3 . 5 . 9 . 1 . 6 . . . . 1 1 1 . . . . . . 4 . 3 2 . 2 . . 7 2 . . 2 2 10 . . Treads 8 | 2 2 . 3 . . . . . . . . . . . . . . . . . . . . . . . . . . . . . . . . . . . 1 . . Leg 4 | . . . . . 2 . . . . . . . . . . . . . . . . . . . . . . . . . . . . 1 . . . 1 . . . Wheel 1 | . . . . . . . . . . . . . . . . . . . . . . . . . . . . . . . . . 1 . . . . . . . . Hover 1 | . . . . . . . . . . . 1 . . . . . . . . . . . . . . . . . . . . . . . . . . . . . . Flight 51 | . . . . . 3 . 9 . 1 . 5 . . . . 1 1 1 . . . . . . 4 . 3 2 . 2 . . 6 1 . . 2 1 9 . . Utility 239 | 1 . . 5 2 10 3 7 2 4 . 6 6 . 1 . 7 . 4 . 8 . 7 . . 13 . 5 . 8 8 9 5 7 20 12 5 6 2 7 25 34 Device 220 | 1 . . 3 2 10 3 7 2 2 . 4 6 . 1 . 6 . 3 . 8 . 7 . . 12 . 5 . 6 7 9 5 7 19 10 4 6 2 7 24 32 Storage . | . . . . . . . . . . . . . . . . . . . . . . . . . . . . . . . . . . . . . . . . . . Processor 11 | . . . 2 . . . . . 2 . 2 . . . . . . . . . . . . . 1 . . . . . . . . . 1 . . . . 1 2 Hackware 2 | . . . . . . . . . . . . . . . . . . . . . . . . . . . . . 1 1 . . . . . . . . . . . Protection 4 | . . . . . . . . . . . . . . . . 1 . 1 . . . . . . . . . . 1 . . . . 1 . . . . . . . Artifact 2 | . . . . . . . . . . . . . . . . . . . . . . . . . . . . . . . . . . . 1 1 . . . . . Weapon 237 | 2 14 4 29 10 19 . 20 . 2 . 3 . . 3 . 4 4 . . 2 . 2 1 . 13 1 . 2 9 7 6 . . 20 24 3 7 . 4 18 4 Energy Gun 32 | 1 4 1 6 . 1 . 5 . 1 . . . . . . 1 . . . . . . . . 2 . . . 2 1 . . . 2 4 . . . . 1 . Energy Cannon 70 | . . . 1 . . . . . . . . . . 1 . 1 2 . . 1 . 1 . . 3 . . . 5 3 2 . . 4 18 2 7 . 4 13 2 Ballistic Gun 77 | 1 4 2 14 5 14 . 10 . 1 . 3 . . 1 . 1 . . . 1 . . . . 3 . . 2 2 2 1 . . 9 . . . . . . 1 Ballistic Cannon 8 | . . . . . . . . . . . . . . . . . . . . . . . . . 1 . . . . . . . . 2 1 . . . . 3 1 Launcher 19 | . . . . 3 1 . 1 . . . . . . . . . . . . . . 1 1 . 4 1 . . . 1 2 . . 2 1 1 . . . . . Special Weapon 7 | . . . . . 2 . . . . . . . . . . 1 2 . . . . . . . . . . . . . . . . 1 . . . . . 1 . Impact Weapon 21 | . 6 1 8 2 1 . 2 . . . . . . . . . . . . . . . . . . . . . . . 1 . . . . . . . . . . Slashing Weapon 3 | . . . . . . . 2 . . . . . . 1 . . . . . . . . . . . . . . . . . . . . . . . . . . . Piercing Weapon . | . . . . . . . . . . . . . . . . . . . . . . . . . . . . . . . . . . . . . . . . . . Special Melee Weapon . | . . . . . . . . . . . . . . . . . . . . . . . . . . . . . . . . . . . . . . . . . . Unidentified Prototypes 67 | . . . 6 . 7 . 7 . 1 . 3 . . . . 2 . 1 . 1 . . . . 2 . . 1 7 . 4 . . 9 11 . . . . 1 4 Corrupted Parts 2 | . . . . . . . . . . . . . . . . . . . . . . . . . . . . . . . . . . . 1 . . . . 1 . System Corruption 12 | . . . . . . . . . . . . . . . . . . . . . . . . . . . . . . . . . . . 2 . . . . 10 . Parts Lost 3 | . . . . . . . 1 . . . . . . . . . . . . . . . . . . . . . . . . . . . . . . . . 1 1 Power 1 | . . . . . . . . . . . . . . . . . . . . . . . . . . . . . . . . . . . . . . . . . 1 Propulsion . | . . . . . . . . . . . . . . . . . . . . . . . . . . . . . . . . . . . . . . . . . . Utility . | . . . . . . . . . . . . . . . . . . . . . . . . . . . . . . . . . . . . . . . . . . Weapon 2 | . . . . . . . 1 . . . . . . . . . . . . . . . . . . . . . . . . . . . . . . . . 1 . Highest Loss Streak 1 | . . . . . . . 1 . . . . . . . . . . . . . . . . . . . . . . . . . . . . . . . . 1 1 To Critical Strikes . | . . . . . . . . . . . . . . . . . . . . . . . . . . . . . . . . . . . . . . . . . . Average Slot Usage (%) 73 | . 99 100 99 100 71 47 58 60 60 62 64 68 68 68 68 69 70 70 70 70 71 71 71 71 70 66 65 66 61 65 62 62 61 62 61 62 63 65 65 67 72 Engine 3 | . 14 14 12 . . . . . . . 2 5 5 5 5 8 5 5 5 4 4 4 4 4 2 . . . . . . . . . . . . . . . . Core 2 | . . . . 10 9 7 6 6 6 6 5 5 5 5 5 1 5 5 5 4 4 4 4 4 2 . . . . . . . . . . . . . . . . Reactor 1 | . . . . . . . . . . . . . . . . . . . . . . . . . 2 4 4 4 4 4 4 4 4 4 3 3 3 3 3 4 6 Treads 6 | . 30 28 25 23 8 . . . . . . . . . . . . . . . . . . . . . . . . . . . . . . . . . . . . Flight 10 | . . . . . 5 7 6 6 5 6 5 10 10 10 10 14 15 15 15 14 14 14 14 14 13 14 14 14 13 13 13 13 15 15 15 15 17 18 19 19 19 Device 25 | . 14 14 8 18 17 16 24 26 25 25 26 26 26 26 31 30 30 29 30 31 33 33 33 33 28 33 32 33 30 30 30 30 32 32 32 30 30 30 30 29 29 Processor 5 | . . . 13 11 9 7 6 6 8 12 11 10 10 9 5 5 5 5 5 4 4 4 4 4 8 4 4 4 4 4 4 4 1 . . 3 3 3 3 3 3 Energy Gun 1 | . 13 14 4 . . . . . . . . . . . . . . . . . . . . . . . . . . 2 . . . . . . . . . . . Energy Cannon 2 | . . . . . . . . . . . . . . 1 5 4 4 5 5 4 4 3 3 . . . . . 2 1 3 4 4 3 6 8 7 7 7 7 10 Ballistic Gun 8 | . 16 26 30 28 11 7 6 6 5 6 5 5 5 5 5 5 5 5 5 4 4 4 4 4 3 4 4 4 2 4 4 4 4 3 1 . . . . . . Impact Weapon 1 | . 7 1 2 5 4 . 5 6 6 6 5 5 5 3 . . . . . . . . . . . . . . . . . . . . . . . . . . . Naked Turns . | . . . . . . . . . . . . . . . . . . . . . . . . . . . . . . . . . . . . . . . . . . Heaviest Build 135 | 10 12 13 18 21 30 33 39 37 37 37 50 47 47 55 55 59 59 59 59 66 61 64 63 62 74 74 77 74 86 90 90 88 96 97 110 124 124 103 108 135 135 Greatest Support 150 | 40 46 46 46 46 62 50 50 50 50 50 55 57 55 55 55 63 66 66 63 66 63 66 63 63 75 74 82 82 83 89 95 89 105 125 115 106 125 113 125 138 150 Greatest Overweight (x) 7 | . . . . . 1 . 5 . . . 4 . . . . . 7 . 7 . 7 . . . 4 . 3 . 1 1 1 . 3 3 1 3 2 1 1 1 . Average Overweight (x) . | . . . . . . . . . . . . . . . . . . . 3 . . . . . . . . . . . . . . . . . . . . . . Largest Inventory Capacity 10 | . 4 4 7 7 7 7 7 7 7 7 7 7 7 7 7 7 7 7 7 7 7 7 7 7 7 7 7 7 7 7 7 7 7 7 10 10 10 10 10 10 10 Average Capacity 7 | . 3 4 5 7 7 7 7 7 7 7 7 7 7 7 7 7 7 7 7 7 7 7 7 7 7 7 7 7 7 7 7 7 7 7 9 10 10 10 10 10 10 Most Carried 10 | . 4 4 7 7 7 7 7 7 7 7 7 7 7 7 7 7 7 7 7 7 7 7 7 7 7 7 7 7 7 7 7 7 7 7 10 10 10 10 10 10 10 Average Carried 6 | . 3 3 5 6 6 6 6 7 6 7 6 6 6 6 7 6 7 7 7 6 7 6 7 7 6 7 7 7 6 6 6 7 6 6 8 9 9 10 9 9 9 Final Capacity 10 | . 4 4 7 7 7 7 7 7 7 7 7 7 7 7 7 7 7 7 7 7 7 7 7 7 7 7 7 7 7 7 7 7 7 7 10 10 10 10 10 10 10 Final Carried 10 | . 4 2 7 7 7 5 7 7 7 7 7 7 7 7 7 7 7 7 7 7 7 7 7 7 7 7 7 7 7 7 7 7 7 7 10 10 10 10 10 10 7 Class Distribution -------------------- 28% | Scavenger-Gunner 18% | Scavenger-Sprinter 13% | Mutant 12% | Gunner 11% | Scavenger-Mutant 11% | Hauler-Sprinter Dominant Class ---------------- Mutant | -10/Materials Gunner | -10/Mines Gunner | -9/Materials Mutant | -9/Mines Mutant | -9/Exiles Gunner | -8/Mines Scavenger-Gunner | -8/Materials Gunner | -8/Garrison Scavenger-Gunner | -8/Materials Scavenger-Gunner | -8/Garrison Scavenger-Gunner | -7/Factory Scavenger-Gunner | -7/Lower Caves Scavenger-Gunner | -7/Lower Caves Scavenger-Gunner | -7/Data Miner Scavenger-Gunner | -6/Proximity Caves Scavenger-Mutant | -6/Factory Scavenger-Gunner | -6/Extension Scavenger-Gunner | -6/Cetus Scavenger-Mutant | -6/Archives Scavenger-Gunner | -6/Hub_04(d) Scavenger-Gunner | -6/Garrison Scavenger-Gunner | -5/Factory Scavenger-Gunner | -5/Upper Caves Scavenger-Gunner | -5/Upper Caves Scavenger-Gunner | -5/Warlord Scavenger-Gunner | -4/Proximity Caves Scavenger-Sprinter | -4/Factory Scavenger-Sprinter | -4/Armory Scavenger-Sprinter | -4/Lab Scavenger-Sprinter | -3/Research Scavenger-Gunner | -3/Quarantine Scavenger-Gunner | -3/Garrison Scavenger-Sprinter | -2/Research Scavenger-Sprinter | -2/Testing Hauler-Sprinter | -2/Section 7 Scavenger-Sprinter | -2/Garrison Hauler-Sprinter | -1/Access Hauler-Sprinter | -1/Garrison Hauler-Sprinter | -1/Access Hauler-Sprinter | -1/Command Hauler-Sprinter | -1/Access_0 Resources | -11 -10 -10 -9 -9 -9 -8 -8 -8 -8 -8 -7 -7 -7 -7 -6 -6 -6 -6 -6 -6 -6 -5 -5 -5 -5 -4 -4 -4 -4 -3 -3 -3 -2 -2 -2 -2 -1 -1 -1 -1 -1 ----------- Run | Scr Mat Min Mat Min Exi Min Mat Gar Mat Gar Fac Low Low Dat Pro Fac Ext Cet Arc Hub Gar Fac Upp Upp War Pro Fac Arm Lab Res Qua Gar Res Tes Sec Gar Acc Gar Acc Com Ac0 Matter Collected 87885 | 317 442 123 1182 362 808 53 1827 835 1154 596 3392 190 310 154 386 3073 2288 2686 300 2856 650 4270 550 345 8395 575 5570 4675 205 6265 4935 1560 5180 4309 2185 840 2757 940 3655 6060 630 Remotely 76453 | . . . . . 251 . . . . . 2672 188 310 154 386 3063 2248 2686 290 2846 640 4270 520 345 8395 575 5545 4675 205 5165 4935 1545 4943 3979 2185 840 2600 920 3410 5667 . Salvage Created 222484 | 261 1118 84 2219 366 467 20 2886 1601 2445 897 7959 258 435 . 622 9221 6910 7185 650 8532 1848 7667 1102 569 17868 933 9854 8799 205 9771 8995 2109 10181 9777 10928 2147 14407 2954 13067 33216 1951 Parts 9539 | 19 64 6 162 14 68 7 166 77 119 86 452 20 35 20 42 487 245 300 37 468 84 446 44 31 652 68 536 452 7 508 441 109 351 301 109 85 494 144 482 1156 145 Haulers Intercepted 52 | . 2 . 6 . . . 6 . 4 . 1 . . . . 5 . . . 1 . 1 . . . . 1 . . 7 . . 4 1 . . 6 . 7 . . Recyclers Shooed 8 | 1 2 . . . . . . . . . . . . . . . . . . . . . . . . . . . . 2 . . 1 1 . . 1 . . . . Parts Field Recycled . | . . . . . . . . . . . . . . . . . . . . . . . . . . . . . . . . . . . . . . . . . . Retrieved Matter . | . . . . . . . . . . . . . . . . . . . . . . . . . . . . . . . . . . . . . . . . . . Parts Self-Destructed 231 | . . . . . . . . . . . . 14 35 . 42 . . . . . . . 40 33 . 67 . . . . . . . . . . . . . . . Prevented . | . . . . . . . . . . . . . . . . . . . . . . . . . . . . . . . . . . . . . . . . . . Kills | -11 -10 -10 -9 -9 -9 -8 -8 -8 -8 -8 -7 -7 -7 -7 -6 -6 -6 -6 -6 -6 -6 -5 -5 -5 -5 -4 -4 -4 -4 -3 -3 -3 -2 -2 -2 -2 -1 -1 -1 -1 -1 ------- Run | Scr Mat Min Mat Min Exi Min Mat Gar Mat Gar Fac Low Low Dat Pro Fac Ext Cet Arc Hub Gar Fac Upp Upp War Pro Fac Arm Lab Res Qua Gar Res Tes Sec Gar Acc Gar Acc Com Ac0 Combat Hostiles Destroyed 3748 | . 22 4 52 14 3 4 56 30 40 38 149 7 18 4 17 149 131 136 4 144 33 148 22 11 326 27 152 154 4 139 155 41 144 139 136 41 186 71 192 579 26 Guns 2218 | . 20 4 52 11 1 4 56 30 40 37 149 7 18 4 17 149 131 136 4 140 33 138 22 11 283 22 146 154 . 126 127 35 68 42 1 . . . . . . Cannons 727 | . . . . . . . . . . . . . . . . . . . . 2 . . . . . . . . 3 6 4 4 30 37 81 15 102 37 113 279 14 AOE 299 | . . . . 3 2 . . . . 1 . . . . . . . . . 1 . 10 . . 43 5 6 . 1 . 18 . . 2 4 3 32 16 18 132 2 Classes Destroyed 38 | 2 7 . 2 2 2 1 3 . . 1 2 1 . . 1 1 1 . . 1 . 1 1 1 4 . . . . . 1 . 1 1 . . . . . 1 . Worker 66 | . 7 1 2 2 . . 4 . 1 . 2 . . . . 7 . . . 5 . 2 . . . . 4 . . 4 . . 4 . 1 . 3 . 7 10 . Builder 46 | . 5 1 1 . . . 5 . . . 3 . . . . 5 . . . 1 . 1 . . . . 4 . . 8 . . 1 2 . . . . 9 . . Tunneler 13 | 8 1 1 . 1 . . . . . . . . . . . 1 . . . . . . . . . . 1 . . . . . . . . . . . . . . Hauler 52 | . 2 . 6 . . . 6 . 4 . 1 . . . . 5 . . . 1 . 1 . . . . 1 . . 7 . . 4 1 . . 6 . 7 . . Recycler 39 | 1 3 . 1 . . . 2 . 2 . 2 . . . . 3 . . . . . . . . . . 3 . . 12 . . . 2 . . 2 . 4 2 . Carrier 45 | . . . . . . . . . . . . . . . . . . . . . . 1 . . . . . . . . . . 2 6 16 . 6 . 6 8 . Minesweeper 2 | . . . . . . . . . . . . . . . . . . . . . . . . 1 . 1 . . . . . . . . . . . . . . . Mechanic 90 | . . . . . . . 1 . 3 . 6 . 1 . . 4 2 5 . 3 . 4 . . 3 . 3 5 . 3 5 . 2 6 9 . 10 . 5 10 . Operator 36 | . 1 . 2 . . . . . 3 . 1 . . . . 1 1 . 9 1 . 4 . . . . 2 1 . 1 2 . 1 . . . 2 . 2 2 . Drone 5 | . . . . . . . . . . . . . . . . . 1 . . . . . . . . . . . . . . . 4 . . . . . . . . Turret 1 | . . . . . 1 . . . . . . . . . . . . . . . . . . . . . . . . . . . . . . . . . . . . Watcher 114 | . 3 . 5 . . . 5 . 5 . 6 . . . . 6 3 2 . 5 1 7 . . . . 11 2 . 8 3 . 7 3 4 . 8 . 12 8 . Swarmer 365 | . 3 3 7 2 . . 8 6 2 21 12 4 9 . 4 9 3 6 . 3 6 19 3 . 18 10 14 9 . 23 . 19 9 . 5 4 6 32 38 48 . Cutter 14 | . . . . . . . . . . . . . . . . . . . . 2 3 1 . . . . . . . . . . . . . . . . . 8 . Saboteur 119 | . . . . . . . . . . . 1 . . . . 6 6 7 . 5 . 6 . . 8 . 5 7 . 4 12 . 3 4 12 . 5 4 6 18 . Grunt 1317 | . 19 . 34 2 . 2 36 20 25 8 54 . 3 . 7 53 42 34 . 62 20 49 15 6 127 11 57 38 3 51 53 6 72 60 41 18 63 13 39 174 . Brawler 194 | . . . . 1 . 1 1 . 1 1 13 . 4 . . 11 8 7 . 10 2 13 . 1 18 . 4 8 . 4 8 . 5 8 7 1 13 5 7 32 . Duelist 178 | . . . 1 . . . 1 2 1 1 9 . 1 . 1 5 4 2 . 9 . 7 1 . 8 1 3 21 . 4 8 4 10 7 8 1 9 2 8 39 . Protector 138 | . . . . . . . 1 . . . 10 . . . . 7 4 6 . 6 . 4 . . 17 . 4 8 . 4 9 . 3 8 3 1 7 . 8 28 . Researcher 11 | . . . . . . . . . . . . . . . . . . . . . . . . . . . . . . . 6 . . 4 1 . . . . . . Sentry 270 | . . . 10 . . . 8 . 8 6 24 1 1 . 1 15 14 12 4 22 2 20 . 1 . 3 20 12 . 11 4 2 6 5 4 12 18 4 14 6 . Demolisher 39 | . . . . . . . . . . 1 . . . . . . 5 5 . . . . . . 8 . . 6 . . . . . 1 . 1 . . . 12 . Specialist 72 | . . . . . . . . . . . . . . . . 3 7 7 . . . 1 . . 9 . . 15 . 2 . 1 . 3 . . . . . 24 . Hunter 313 | . . . . . . 1 . 2 2 . 17 . . . 3 22 20 24 . 9 . 14 2 2 16 . 17 12 . 10 17 5 9 5 4 2 16 6 22 54 . Programmer 322 | . . . . . . . . . . . 9 1 . . . 12 13 17 . 4 . 10 . . 24 2 16 14 . 9 26 1 10 19 29 . 20 4 19 63 . Heavy 29 | . . . . . . . 1 . 1 . 1 . . . . 3 . . . 2 . 2 . . . . 4 1 . 3 . . 2 . 1 . 4 . 3 1 . Q-Series 1 | . . . . . . . . . . . . . . . . . . . . . . . . . . . . . . . . . 1 . . . . . . . . Behemoth 41 | . . . . . . . . . . . . . . . 1 1 2 . . 1 . 1 . 1 4 . 2 1 . 3 . 3 2 . 1 1 6 1 7 3 . Cetus Guard 8 | . . . . . . . . . . . . . . . . . . 8 . . . . . . . . . . . . . . . . . . . . . . . S7 Guard 3 | . . . . . . . . . . . . . . . . . . . . . . . . . . . . . . . . . . . 3 . . . . . . M Guard 2 | . . . . . . . . . . . . . . . . . . . . . . . . . . . . . . . . . . . . . . . . 2 . Enhanced Grunt 5 | . . . . . . . . . . . . . . 4 . . . 1 . . . . . . . . . . . . . . . . . . . . . . . Enhanced Sentry 2 | . . . . . . . . . . . . . . . . . . . . . . . . . . . . . . . . . . . . . . . . . 2 Enhanced Hunter 8 | . . . . . . . . . . . . . . . . . . . . . . . . . . . . . . . . . . . . . . . . . 8 Enhanced Programmer 10 | . . . . . . . . . . . . . . . . . . . . . . . . . . . . . . . . . . . . . . . . . 10 Lightning 9 | . . . . . . . . . . . . . . . . . . . . 9 . . . . . . . . . . . . . . . . . . . . . Tracker 35 | . . . . . . . . . . . . . . . . 1 . . . . . 1 . . . . 3 1 . 4 4 . 4 4 2 . 7 . 4 . . Combat Programmer 37 | . . . . . . . . . . . . . . . . 1 . . . . . 1 . . . . 3 1 . 4 4 . 4 4 2 . 7 . 4 2 . Investigator 9 | . . . . . . . . . . . . . . . . . . . . . . . . . . . . . . . 1 . . 1 3 . 2 . . 2 . Striker 59 | . . . . . . . . . . . . . . . . . . . . . . . . . 17 . . . . 2 4 . . 6 6 . 4 . 8 12 . Executioner 51 | . . . . . . . . . . . . . . . . . . . . . . . . . 12 . . . . 1 6 . . 4 8 . 1 . 6 13 . Alpha 7 3 | . . . . . . . . . . . . . . . . . . . . . . . . . . . . . . . . . . 1 . . . . . 2 . Zionite 8 | . . . . . 8 . . . . . . . . . . . . . . . . . . . . . . . . . . . . . . . . . . . . Tinkerer 5 | . . . . . . . . . . . . . . . . . . . . . . . . . 5 . . . . . . . . . . . . . . . . Master Thief 1 | . . . . . . . . . . . . 1 . . . . . . . . . . . . . . . . . . . . . . . . . . . . . Assembled 16 | . . . . 9 7 . . . . . . . . . . . . . . . . . . . . . . . . . . . . . . . . . . . . Surgeon 3 | . . . . . . . . . . . . . . . . . . . . . . . . . 3 . . . . . . . . . . . . . . . . Thug 18 | . . . . . . . . . . . . . . . . . 1 . . . . . . . 13 . . . . . . . . . . . . . . 4 . Savage 11 | . . . . . . . . . . . . . . . . . 1 . . . . . . . 5 . . . . . . . . . . . . . . 5 . Butcher 6 | . . . . . . . . . . . . . . . . . 1 . . . . . . . 1 . . . . . . . . . . . . . . 4 . Bouncer 8 | . . . . . . . . . . . . . . . . . . . . . . . . . 8 . . . . . . . . . . . . . . . . Martyr 1 | . . . . . . . . . . . . . . . . . . . . . . . . . 1 . . . . . . . . . . . . . . . . Guerrilla 6 | . . . . . . . . . . . . . . . . . . . . . . . . . . . . . . . . . . . . . . . . 6 . Wizard 4 | . . . . . . . . . . . . . . . . . . . . . . . . . . . . . . . . . . . . . . . . 4 . Marauder 2 | . . . . . . . . . . . . . . . . . . . . . . . . . 2 . . . . . . . . . . . . . . . . Fireman 3 | . . . . . . . . . . . . . . . . . . . . . . . . . . . . . . . . . . . . . . . . 3 . Mutant 15 | . . . . . . . . . . . . . . . . . . . . . . . 1 . 4 . . . . . . . . . . . . . . 10 . Sapper 1 | . . . . . . . . . . . . . . . . . . . . . . . . . 1 . . . . . . . . . . . . . . . . Commander 1 | . . . . . . . . . . . . . . . . . . . . . . . . . 1 . . . . . . . . . . . . . . . . Knight 2 | . . . . . . . . . . . . . . . . . . . . . . . . . 2 . . . . . . . . . . . . . . . . Best Kill Streak 148 | 4 4 3 4 3 7 3 11 6 17 7 31 4 7 4 6 48 32 37 11 38 19 47 8 5 33 12 35 55 4 27 38 18 28 31 44 19 76 42 118 148 3 Combat Bots Only 135 | . 4 3 4 3 2 3 9 6 10 7 24 4 7 4 6 45 30 36 4 36 19 40 8 4 33 12 34 55 4 23 38 18 23 28 35 19 47 42 42 135 3 Max Kills in Single Turn 16 | 1 2 1 2 3 5 1 3 2 2 2 3 1 2 1 2 3 3 2 1 5 2 6 2 2 9 3 4 3 1 2 8 3 4 3 3 5 6 4 4 16 1 Gunslinging . | . . . . . . . . . . . . . . . . . . . . . . . . . . . . . . . . . . . . . . . . . . Exploded 15 | . . . . 3 2 . . . . 1 . . . . . . . . . 1 . 6 . . 9 3 3 . 1 . 7 . . 1 1 3 4 3 4 15 1 Melee . | . . . . . . . . . . . . . . . . . . . . . . . . . . . . . . . . . . . . . . . . . . Uniques/NPCs Destroyed 18 | . . 1 . . 4 . . . . . . . . . . . . 2 . . . . . . 2 . . . 1 . . . . . . . . . . 2 6 YI-UF0 (-10/Mines) EX-HEX (-9/Exiles) 8R-AWN (-9/Exiles) EX-DEC (-9/Exiles) EX-BIN (-9/Exiles) Revision 17 (-6/Cetus) A7 (-6/Cetus) Warlord (-5/Warlord) Fake God Mode (-5/Warlord) A5 (-4/Lab) MAIN.C Shell (-1/Command) MAIN.C (-1/Command) A2 (-1/Access_0) A6 (-1/Access_0) A8 (-1/Access_0) Architect (-1/Access_0) A4 (-1/Access_0) A3 (-1/Access_0) Combat | -11 -10 -10 -9 -9 -9 -8 -8 -8 -8 -8 -7 -7 -7 -7 -6 -6 -6 -6 -6 -6 -6 -5 -5 -5 -5 -4 -4 -4 -4 -3 -3 -3 -2 -2 -2 -2 -1 -1 -1 -1 -1 -------- Run | Scr Mat Min Mat Min Exi Min Mat Gar Mat Gar Fac Low Low Dat Pro Fac Ext Cet Arc Hub Gar Fac Upp Upp War Pro Fac Arm Lab Res Qua Gar Res Tes Sec Gar Acc Gar Acc Com Ac0 Damage Taken 36369 | . 458 618 1726 133 732 100 317 218 145 210 961 9 38 63 115 1335 915 1128 18 925 125 808 59 57 2231 201 995 725 278 1638 2474 316 2821 1605 738 120 2178 341 2503 4482 1510 Core 28945 | . 366 496 1383 103 596 78 256 168 111 156 752 6 30 56 92 1058 714 880 14 730 100 642 46 50 1807 157 790 566 222 1314 1978 247 2250 1315 588 94 1730 273 2013 3567 1151 Absorbed by Shields 7488 | . . . . . . . . 61 48 88 361 6 14 22 44 380 357 409 6 343 45 279 22 21 797 73 345 260 7 589 844 116 . 36 . 22 . 129 . 356 1408 Redirected to Core 25791 | . 286 413 1161 103 477 78 219 163 111 145 671 6 30 27 80 956 663 837 14 618 87 574 46 24 1526 157 701 526 195 1124 1749 247 2084 1042 564 94 1638 248 1793 3335 979 Regen/Repaired (Parts) 32 | . . . . . . . . . . . . . . . . . . . . . . . . . . . . . . . . . . . 32 . . . . . . Core Remaining (%) 97 | 100 . 81 . . . 98 . . . 97 . . . . 100 . . . . . 100 . . . . 100 . . 100 . . 100 . . . 100 . . . . 100 Volleys Fired 8540 | 19 253 14 119 27 42 15 134 74 112 54 320 13 31 17 34 474 257 270 303 326 104 431 43 23 515 42 440 367 26 440 319 108 427 308 231 87 349 97 431 735 109 Largest 4 | 2 3 3 3 3 4 1 4 1 1 1 1 1 1 1 1 2 1 1 1 1 1 1 1 1 1 1 1 1 1 1 2 1 2 2 1 3 1 1 2 2 2 Hottest 450 | 70 90 90 135 69 89 60 220 60 60 60 60 60 60 60 90 150 90 90 90 90 90 90 90 60 260 260 260 260 200 80 130 70 130 130 200 450 200 200 270 250 380 Shots Fired 9010 | 38 342 42 344 66 89 15 137 74 112 54 320 13 31 17 34 477 257 270 303 325 104 431 43 23 517 42 440 367 26 440 321 108 428 311 231 91 347 97 431 736 116 Gun 5371 | 38 342 42 344 63 70 15 137 74 112 54 320 13 31 17 33 293 222 263 30 271 65 282 36 23 487 37 366 311 12 326 260 86 170 125 1 . . . . . . Cannon 3441 | . . . . . . . . . . . . . . . 1 183 29 7 273 54 39 147 7 . 11 . . . 14 113 58 22 258 184 230 91 347 97 431 729 116 Launcher 167 | . . . . 3 2 . . . . . . . . . . . . . . . . 2 . . 19 5 74 56 . 1 3 . . 2 . . . . . . . Special 31 | . . . . . 17 . . . . . . . . . . 1 6 . . . . . . . . . . . . . . . . . . . . . . 7 . Kinetic 4997 | 19 95 28 272 63 70 15 128 74 112 54 320 13 31 17 33 293 222 263 30 271 65 282 36 23 487 37 366 311 7 317 260 86 170 123 1 . . . . 3 . Thermal 1466 | 19 247 14 72 . 17 . . . . . . . . . 1 183 29 7 273 51 39 147 7 . 16 5 74 56 8 . . . . 2 3 8 48 10 39 80 11 Explosive 27 | . . . . 3 2 . . . . . . . . . . . . . . . . 2 . . 14 . . . . 1 3 . . 2 . . . . . . . Electromagnetic 2255 | . . . . . . . 9 . . . . . . . . . . . . 3 . . . . . . . . 11 122 58 22 258 184 184 81 269 87 355 571 41 Slashing 258 | . . . . . . . . . . . . . . . . . . . . . . . . . . . . . . . . . . . 43 2 30 . 37 82 64 Robot Hit Streak 85 | 7 29 11 28 27 26 18 21 85 24 30 21 13 12 19 20 73 74 65 25 63 46 35 41 42 68 22 38 42 15 50 37 36 57 39 51 52 57 21 48 56 25 Robot Miss Streak 11 | 2 4 1 5 2 2 1 5 2 5 4 7 4 8 3 3 6 4 4 1 8 11 4 2 3 10 3 8 4 2 4 5 3 4 4 3 1 3 2 4 3 4 Penetration Max 1 | . . . . . . . . . . . . . . . . . . . . . . . . . . . . . . 1 1 1 1 1 1 1 1 1 1 1 1 Secondary Targets 7 | . 3 . 3 1 . . . . . . . . . . . . . . . . . . . . . . . . . . . . . . . . . . . . . Max Gunslinging Chain 1 | . 1 . 1 1 . . . . . . . . . . . . . . . . . . . . . . . . . . . . . . . . . . . . . Capacitor 2452 | . . . . . . . . . . . . . . . . . . . . . . . . . . . . . . . . . 257 179 230 85 347 97 429 724 104 Shots Hit Robots 6564 | 27 139 32 257 46 66 8 119 73 92 46 289 13 29 19 33 294 228 260 24 272 61 226 36 23 493 37 294 287 16 328 274 74 257 236 195 57 242 71 292 612 87 Core Hits 7581 | 10 54 9 98 31 38 7 114 87 91 50 348 10 29 23 37 379 281 328 30 366 80 337 43 26 896 47 393 370 9 372 470 78 233 188 194 23 241 60 233 711 157 Critical Kills 7 | . . . 2 1 1 . . . . . . . . . . . . . . . . . . . . . . . . . . . . . . . . . 1 2 . Critical Parts Destroyed 6 | . 1 1 . . . . 2 . 1 . 1 . . . . . . . . . . . . . . . . . . . . . . . . . . . . . . Critical Strikes 424 | 3 3 6 6 1 1 . 2 . 1 . 1 . . . . . . . . . . . . . . . . . . 6 10 3 20 39 54 10 42 15 56 133 12 Burn 14 | 3 2 5 4 . . . . . . . . . . . . . . . . . . . . . . . . . . . . . . . . . . . . . . Meltdown 3 | . . . . . . . . . . . . . . . . . . . . . . . . . . . . . . . . . . . . . . . 1 2 . Destroy 4 | . . . 2 1 1 . . . . . . . . . . . . . . . . . . . . . . . . . . . . . . . . . . . . Corrupt 368 | . . . . . . . . . . . . . . . . . . . . . . . . . . . . . . 6 10 3 20 39 45 10 36 15 53 123 8 Smash 6 | . 1 1 . . . . 2 . 1 . 1 . . . . . . . . . . . . . . . . . . . . . . . . . . . . . . Sever 29 | . . . . . . . . . . . . . . . . . . . . . . . . . . . . . . . . . . . 9 . 6 . 2 8 4 Melee Attacks 346 | . 64 5 53 6 . . 25 8 48 9 122 1 3 2 . . . . . . . . . . . . . . . . . . . . . . . . . . . Impact 342 | . 64 5 53 6 . . 22 8 48 9 122 1 3 1 . . . . . . . . . . . . . . . . . . . . . . . . . . . Slashing 4 | . . . . . . . 3 . . . . . . 1 . . . . . . . . . . . . . . . . . . . . . . . . . . . Piercing . | . . . . . . . . . . . . . . . . . . . . . . . . . . . . . . . . . . . . . . . . . . Sneak Attacks 41 | . 12 2 5 3 . . 8 . 4 1 4 . . 2 . . . . . . . . . . . . . . . . . . . . . . . . . . . Combat Hostiles . | . . . . . . . . . . . . . . . . . . . . . . . . . . . . . . . . . . . . . . . . . . Follow-up Attacks 1 | . . . . . . . . . . . . . . 1 . . . . . . . . . . . . . . . . . . . . . . . . . . . Damage Inflicted 657513 | 335 2464 470 4309 1035 2244 515 7706 4674 6155 2714 18203 611 1790 1274 2173 22556 16809 20810 1897 21599 3896 20321 2970 1914 52544 3282 27037 26380 1519 30245 32743 7244 26267 26518 25114 5707 41148 11333 43860 114524 12604 Guns 350149 | 335 1628 386 3916 628 1805 515 6872 4674 5633 2557 17690 611 1790 1258 2173 21906 16809 20810 1897 20645 3896 18506 2970 1914 46158 2804 25133 26375 308 27236 26391 6624 15301 11931 64 . . . . . . Cannons 235585 | . . . . . . . . . . . . . . . . 128 . . . 217 . 168 . . . . . . 820 2604 2476 620 10923 13349 24089 5405 32718 8627 37740 83918 11783 Explosions 68318 | . . . . 172 355 . 31 . 45 43 134 . . . . 522 . . . 737 . 1647 . . 6386 478 1904 5 391 405 3876 . 43 1238 961 302 8430 2706 6120 30566 821 Melee 3240 | . 791 70 355 235 . . 803 . 477 114 379 . . 16 . . . . . . . . . . . . . . . . . . . . . . . . . . . Ramming 97 | . 45 14 38 . . . . . . . . . . . . . . . . . . . . . . . . . . . . . . . . . . . . . . Kinetic 347853 | 162 849 254 2909 628 1805 515 6788 4674 5633 2557 17690 611 1790 1258 2173 21906 16809 20810 1897 20645 3896 18506 2970 1914 46158 2804 25133 26375 308 27115 26391 6624 15301 11931 64 . . . . . . Thermal 94960 | 173 779 132 1007 . 84 . 31 . . . . . . . . 128 . . . 150 . 616 . . . 478 1300 5 858 59 257 . . 103 961 943 17469 5714 13555 47902 2256 Explosive 16244 | . . . . 172 355 . . . . 43 112 . . . . 469 . . . . . 1199 . . 6386 . 597 . . 346 3619 . . 1135 . . 617 . 1194 . . Electromagnetic 145670 | . . . . . . . 84 . 45 . 22 . . . . 53 . . . 804 . . . . . . 7 . 353 2725 2476 620 10966 13349 15415 4764 17345 5619 21581 48363 1079 Impact 3055 | . 791 70 355 235 . . 634 . 477 114 379 . . . . . . . . . . . . . . . . . . . . . . . . . . . . . . Slashing 49634 | . . . . . . . 169 . . . . . . 16 . . . . . . . . . . . . . . . . . . . . 8674 . 5717 . 7530 18259 9269 Piercing . | . . . . . . . . . . . . . . . . . . . . . . . . . . . . . . . . . . . . . . . . . . Highest Corruption 10 | . 1 1 . 1 3 . . . 1 . 3 . . . . 1 . 4 . 7 . 1 . . 2 . 1 . 6 1 4 2 3 1 2 2 5 . 3 10 1 Average Corruption 1 | . 1 1 . 1 1 . . . 1 . 1 . . . . 1 . 2 . 5 . 1 . . 1 . 1 . 3 1 2 1 1 1 2 1 1 . 1 4 1 Corruption Purged 75 | . . . . . 3 . . . 1 . 3 . . . . 1 . 4 . 8 . 1 . . 6 . 1 . 6 1 9 2 4 2 . 2 5 . 3 12 1 Corruption Blocked 187 | . . . . . . . . . . . . . . . . . . . . . . . . . . . . . . . 75 . . 60 20 . . . . 32 . Effects 126 | . 16 4 . 7 9 . . . . . 10 . . . . . . 4 . 10 . 1 . . 4 . . . . 9 13 . 2 8 4 1 10 . 2 11 1 Message Errors 31 | . 6 . . 3 3 . . . . . 2 . . . . . . . . 1 . 1 . . . . . . . 3 1 . . 3 2 . 1 . 1 4 . Matter Fused 28 | . 3 1 . 1 3 . . . . . 2 . . . . . . 1 . 4 . . . . . . . . . . 7 . . 2 . . 2 . . 2 . Heat Flow Errors 14 | . 2 1 . 1 2 . . . . . 3 . . . . . . 1 . . . . . . . . . . . 1 . . . . 1 . 1 . . 1 . Energy Discharges 17 | . . 1 . 2 . . . . . . 1 . . . . . . . . 2 . . . . 1 . . . . 3 3 . 1 . 1 . 1 . . 1 . Parts Rejected 2 | . . . . . . . . . . . . . . . . . . . . . . . . . . . . . . . . . . 1 . . 1 . . . . Data Loss (minor) 16 | . 2 1 . . . . . . . . 2 . . . . . . 2 . 1 . . . . 1 . . . . 2 . . . 1 . 1 2 . . 1 . Data Loss (major) 6 | . 2 . . . . . . . . . . . . . . . . . . . . . . . . . . . . . 1 . 1 . . . . . . 2 . Misfires 6 | . 1 . . . 1 . . . . . . . . . . . . . . . . . . . 2 . . . . . . . . 1 . . . . . . 1 Alerts 1 | . . . . . . . . . . . . . . . . . . . . 1 . . . . . . . . . . . . . . . . . . . . . Weapon Failures 5 | . . . . . . . . . . . . . . . . . . . . 1 . . . . . . . . . . 1 . . . . . 2 . 1 . . Overload Shots . | . . . . . . . . . . . . . . . . . . . . . . . . . . . . . . . . . . . . . . . . . . Overflow Damage 27263 | . 364 40 177 133 9 . 395 . 233 85 317 . . . . 9 . . . 2 . 29 . . 22 18 176 . 30 186 75 . 682 1045 791 407 3980 1859 4537 11649 13 Projectiles 20286 | . . . . . . . . . . . . . . . . 9 . . . 1 . 3 . . . . . . 6 140 57 . 682 1014 790 366 3353 1473 3888 8491 13 Explosions 5246 | . . . . . 9 . . . . . 13 . . . . . . . . 1 . 26 . . 22 18 176 . 24 46 18 . . 31 1 41 627 386 649 3158 . Melee 1731 | . 364 40 177 133 . . 395 . 233 85 304 . . . . . . . . . . . . . . . . . . . . . . . . . . . . . . Knockbacks 12 | . 8 . 1 1 . . . . . . 2 . . . . . . . . . . . . . . . . . . . . . . . . . . . . . . Impact 12 | . 8 . 1 1 . . . . . . 2 . . . . . . . . . . . . . . . . . . . . . . . . . . . . . . Kinetic . | . . . . . . . . . . . . . . . . . . . . . . . . . . . . . . . . . . . . . . . . . . Secondary . | . . . . . . . . . . . . . . . . . . . . . . . . . . . . . . . . . . . . . . . . . . Self-Inflicted Damage 1858 | . . . . 9 . 20 . . 36 . . . . . . 166 . . . 246 . 163 . . 100 92 153 110 . 31 56 . 203 116 80 . 94 . . 183 . Shots 38 | . . . . 1 . 1 . . 1 . . . . . . 3 . . . 4 . 3 . . 3 1 3 3 . 1 2 . 5 1 2 . 1 . . 3 . Rammed 31 | . 15 4 12 . . . . . . . . . . . . . . . . . . . . . . . . . . . . . . . . . . . . . . Targets Rammed 36 | . 17 6 13 . . . . . . . . . . . . . . . . . . . . . . . . . . . . . . . . . . . . . . Kicked . | . . . . . . . . . . . . . . . . . . . . . . . . . . . . . . . . . . . . . . . . . . Crushed 5 | . 2 2 1 . . . . . . . . . . . . . . . . . . . . . . . . . . . . . . . . . . . . . . Highest Temperature 637 | 56 290 83 250 170 271 147 382 253 145 169 249 54 54 138 56 234 51 123 48 73 45 68 44 38 637 212 383 343 10 48 35 6 20 21 355 240 357 148 240 275 54 Average Temperature 59 | 19 52 22 66 56 93 49 71 57 34 35 61 49 40 90 49 38 23 28 13 23 18 18 22 29 117 105 104 103 10 12 7 6 8 14 121 117 109 81 99 95 16 Received Heat Transfer 3167 | . 219 . 573 18 9 27 117 114 45 30 136 . 6 . 8 109 106 18 6 110 36 93 12 12 118 12 131 15 12 128 100 44 189 148 18 4 108 13 63 215 45 Effects 12 | . 2 . . . 1 . . . . . . . . . . 1 . . . . . . . . 5 . 1 . . . . . . . . . 2 . . . . Shutdowns 2 | . . . . . . . . . . . . . . . . . . . . . . . . . 2 . . . . . . . . . . . . . . . . Energy Bleed 2 | . . . . . 1 . . . . . . . . . . 1 . . . . . . . . . . . . . . . . . . . . . . . . . Interference 6 | . 2 . . . . . . . . . . . . . . . . . . . . . . . 1 . 1 . . . . . . . . . 2 . . . . Short Circuit 1 | . . . . . . . . . . . . . . . . . . . . . . . . . 1 . . . . . . . . . . . . . . . . Damage (minor) 1 | . . . . . . . . . . . . . . . . . . . . . . . . . 1 . . . . . . . . . . . . . . . . Siege Activations . | . . . . . . . . . . . . . . . . . . . . . . . . . . . . . . . . . . . . . . . . . . Robots Corrupted 564 | . . . . . . . . . . . . . . . . . . . . 1 . . . . . . . . . 8 6 2 49 66 64 23 61 19 73 182 10 Combat Hostiles 503 | . . . . . . . . . . . . . . . . . . . . 1 . . . . . . . . . 7 6 2 46 58 50 23 52 18 59 171 10 Parts Fried 1452 | . 18 1 2 1 . . 3 . 1 . 3 . . . . . 2 . . 6 . . . . . . . . 2 33 25 11 97 110 161 30 139 40 213 538 16 Impact Corruptions 54 | . 21 2 6 4 . . 7 . 3 1 10 . . . . . . . . . . . . . . . . . . . . . . . . . . . . . . Robots Melted 5 | . . . . . . . . . . . . . . . . . . . . . . . . . . . . . . . . . . . . . . . 3 2 . Combat Hostiles 4 | . . . . . . . . . . . . . . . . . . . . . . . . . . . . . . . . . . . . . . . 2 2 . Parts Melted 65 | 2 4 1 1 . 2 . . . . . 1 . . . . . . . . . . 1 . . . 1 6 . . . . . . 1 . . 8 2 12 23 . Heat Transferred 58317 | 740 2368 740 2590 . 304 . 100 . . . . . . . . . . . . 50 . 300 . . . 880 1260 80 560 50 150 . . 100 673 340 8064 2899 5127 30564 378 Parts Sabotaged 1 | . . . . . . . . . . . . . . . . . . . . . . . . . . . . . . . . . . . . . . . 1 . . Parts Stolen 1 | . . . . . . . . . . . . 1 . . . . . . . . . . . . . . . . . . . . . . . . . . . . . Parts Stripped . | . . . . . . . . . . . . . . . . . . . . . . . . . . . . . . . . . . . . . . . . . . Power Chain Reactions 21 | . . . . . . . 1 . 1 . . . . . . 1 . . . 2 . . . . . . . . . 1 2 . . 1 5 . 2 . . 5 . Missiles Intercepted . | . . . . . . . . . . . . . . . . . . . . . . . . . . . . . . . . . . . . . . . . . . Alert | -11 -10 -10 -9 -9 -9 -8 -8 -8 -8 -8 -7 -7 -7 -7 -6 -6 -6 -6 -6 -6 -6 -5 -5 -5 -5 -4 -4 -4 -4 -3 -3 -3 -2 -2 -2 -2 -1 -1 -1 -1 -1 ------- Run | Scr Mat Min Mat Min Exi Min Mat Gar Mat Gar Fac Low Low Dat Pro Fac Ext Cet Arc Hub Gar Fac Upp Upp War Pro Fac Arm Lab Res Qua Gar Res Tes Sec Gar Acc Gar Acc Com Ac0 Peak Influence 20332 | 45 1031 522 971 589 . 273 1692 2036 2181 2554 6328 . . . . 5313 5764 7438 3268 4419 3886 9199 . . . . 8746 7341 . 3483 4828 4582 6657 7495 7167 6495 10562 10350 13124 20332 . Initial 8449 | . 29 402 70 378 . . 27 1036 992 1417 1340 . . . . 64 2603 3227 2975 984 3093 2039 . . . . 146 4285 . . 1959 3621 2577 3744 4215 5375 3896 8449 6209 8399 . Average 3710 | 22 346 346 338 444 . 143 854 1709 1433 2185 3823 . . . . 2654 4069 5399 3021 2263 3634 5032 . . . . 3807 5635 . 1576 3109 4180 4297 5403 5444 6133 7129 9714 10083 15441 . Maximum Alert Level 5 | . 3 2 3 2 . 1 5 5 5 5 5 . . . . 5 5 5 5 5 5 5 . . . . 5 5 . 5 5 5 5 5 5 5 5 5 5 5 . Low Security (%) 9 | 100 46 24 18 . . 89 10 . . . . . . . . 1 . . . . . . . . . . 3 . . 15 . . . . . . . . . . . Level 1 12 | . 26 37 58 30 . 10 11 . . . . . . . . 6 . . . . . . . . . . 7 . . 16 . . . . . . . . . . . Level 2 6 | . 6 37 13 69 . . 11 . . . . . . . . 14 . . . . . . . . . . 1 . . 4 . . . . . . . . . . . Level 3 5 | . 20 . 9 . . . 36 3 12 . . . . . . 6 . . . 24 . . . . . . 7 . . 3 . . . . . . . . . . . Level 4 4 | . . . . . . . 27 36 60 10 5 . . . . 6 . . . 15 . . . . . . 14 . . 4 5 . . . . . . . . . . Level 5 29 | . . . . . . . 2 60 23 89 29 . . . . 6 9 21 100 8 100 34 . . . . 12 11 . 56 11 100 67 33 15 100 12 100 4 36 . High Security 32 | . . . . . . . . . 3 . 65 . . . . 56 90 78 . 51 . 65 . . . . 53 88 . . 82 . 32 66 84 . 87 . 95 63 . Max Security . | . . . . . . . . . . . . . . . . . . . . . . . . . . . . . . . . . . . . . . . . . . Sterilizations 17 | . . . 1 . . . 1 . . . 1 . . . . 1 1 1 . 1 . 1 . . . . 1 1 . 1 1 . 1 1 1 . 1 . 1 . . Squads Dispatched 552 | . 5 . 10 . . . 10 . 12 . 32 . 1 . . 31 24 25 . 27 . 32 . . . . 28 17 . 28 41 . 35 40 36 . 45 . 34 39 . Investigation 64 | . 4 . 8 . . . 6 . 4 . 2 . . . . 4 2 3 . 3 . 4 . . . . 3 . . 5 . . 7 3 1 . 4 . 1 . . Extermination 9 | . . . . . . . . . . . 1 . . . . 1 . . . 1 . . . . . . . . . 2 . . 3 1 . . . . . . . Reinforcement 44 | . 1 . 2 . . . 2 . 3 . 1 . . . . 4 . . . 4 . 1 . . . . 4 1 . 5 1 . 4 2 . . 5 . 1 3 . Assault 348 | . . . . . . . 2 . 1 . 26 . 1 . . 16 22 22 . 16 . 18 . . . . 15 14 . 8 32 . 14 25 32 . 23 . 25 36 . Garrison 32 | . . . . . . . . . 4 . 2 . . . . 4 . . . 3 . 7 . . . . 1 . . 1 2 . 1 3 . . 3 . 1 . . Intercept 55 | . . . . . . . . . . . . . . . . 2 . . . . . 2 . . . . 5 2 . 7 6 . 6 6 3 . 10 . 6 . . Searches Triggered . | . . . . . . . . . . . . . . . . . . . . . . . . . . . . . . . . . . . . . . . . . . Construction Impeded 6 | . . . . . . . 1 . . . . . . . . 1 . . . . . . . . . . 1 . . . . . . . . . 2 . 1 . . Haulers Reinforced 4 | . . . . . . . . . . . . . . . . . . . . . . . . . . . . . . 2 . . 2 . . . . . . . . Active Scanning Responses . | . . . . . . . . . . . . . . . . . . . . . . . . . . . . . . . . . . . . . . . . . . Cargo Convoy Interrupts 2 | . . . . . . . . . . . . . . . . 1 . . . . . . . . . . . . . 1 . . . . . . . . . . . Stealth | -11 -10 -10 -9 -9 -9 -8 -8 -8 -8 -8 -7 -7 -7 -7 -6 -6 -6 -6 -6 -6 -6 -5 -5 -5 -5 -4 -4 -4 -4 -3 -3 -3 -2 -2 -2 -2 -1 -1 -1 -1 -1 --------- Run | Scr Mat Min Mat Min Exi Min Mat Gar Mat Gar Fac Low Low Dat Pro Fac Ext Cet Arc Hub Gar Fac Upp Upp War Pro Fac Arm Lab Res Qua Gar Res Tes Sec Gar Acc Gar Acc Com Ac0 Distress Signals 31 | . 2 . 1 2 . . 2 . 1 . 1 . . . . 3 1 . . 1 . . . . . . 1 1 . 1 2 . 4 . 2 . 1 . 1 4 . Communications Jammed . | . . . . . . . . . . . . . . . . . . . . . . . . . . . . . . . . . . . . . . . . . . Distress Signals . | . . . . . . . . . . . . . . . . . . . . . . . . . . . . . . . . . . . . . . . . . . Times Spotted 4397 | . 29 4 58 18 9 4 66 29 48 32 196 10 18 4 16 177 149 177 8 177 26 169 14 11 317 23 189 168 3 166 213 39 178 206 190 43 231 56 213 637 76 Peak Tracking Total 85 | . 4 3 4 4 7 3 9 3 6 5 12 4 8 4 4 15 28 24 1 11 6 12 4 4 22 12 14 16 2 15 28 7 13 16 15 6 22 9 17 85 32 Tactical Retreats 109 | . 1 . 1 3 2 . 2 . . . 2 1 2 . . 1 4 . . 2 . 1 . . 2 . 4 . . 5 3 . 5 8 5 1 9 1 5 33 6 Traps | -11 -10 -10 -9 -9 -9 -8 -8 -8 -8 -8 -7 -7 -7 -7 -6 -6 -6 -6 -6 -6 -6 -5 -5 -5 -5 -4 -4 -4 -4 -3 -3 -3 -2 -2 -2 -2 -1 -1 -1 -1 -1 ------- Run | Scr Mat Min Mat Min Exi Min Mat Gar Mat Gar Fac Low Low Dat Pro Fac Ext Cet Arc Hub Gar Fac Upp Upp War Pro Fac Arm Lab Res Qua Gar Res Tes Sec Gar Acc Gar Acc Com Ac0 Traps Triggered 79 | . 2 . 2 . . . . 8 3 8 2 . . . . 3 . . . . 6 3 . . 10 . . 5 . 4 . 4 1 . . 9 . 3 2 4 . Indirectly 2 | . . . . . . . . . . . . . . . . 2 . . . . . . . . . . . . . . . . . . . . . . . . . Trap Hack Attempts . | . . . . . . . . . . . . . . . . . . . . . . . . . . . . . . . . . . . . . . . . . . Triggered . | . . . . . . . . . . . . . . . . . . . . . . . . . . . . . . . . . . . . . . . . . . Disarmed 4 | . . . . . . . . . . . . . . . . . . . . . . . . . . . . . . 4 . . . . . . . . . . . Reprogrammed 12 | . . . . . . . . . . . . . . . . 4 . . . . . . . . . . . . . . 4 . . . 4 . . . . . . Reused 2 | . . . . . . . . . . . . . . . . . . . . . . . . . . . . . . . . . . . 2 . . . . . . Traps Extracted . | . . . . . . . . . . . . . . . . . . . . . . . . . . . . . . . . . . . . . . . . . . Installed . | . . . . . . . . . . . . . . . . . . . . . . . . . . . . . . . . . . . . . . . . . . Triggered 7 | . . . . . . . . . . . . . . . . . . . . . . . . 1 . . . . . . . . 2 . 2 . . . . 2 . Time Bombs Activated 1 | . . . . . . . . . . . . . . . . . . . . . . . . . 1 . . . . . . . . . . . . . . . . Exploded 1 | . . . . . . . . . . . . . . . . . . . . . . . . . 1 . . . . . . . . . . . . . . . . Machines | -11 -10 -10 -9 -9 -9 -8 -8 -8 -8 -8 -7 -7 -7 -7 -6 -6 -6 -6 -6 -6 -6 -5 -5 -5 -5 -4 -4 -4 -4 -3 -3 -3 -2 -2 -2 -2 -1 -1 -1 -1 -1 ---------- Run | Scr Mat Min Mat Min Exi Min Mat Gar Mat Gar Fac Low Low Dat Pro Fac Ext Cet Arc Hub Gar Fac Upp Upp War Pro Fac Arm Lab Res Qua Gar Res Tes Sec Gar Acc Gar Acc Com Ac0 Machines Disabled 1623 | . 29 3 31 6 9 8 17 5 46 12 143 . 1 . . 162 20 8 7 65 9 203 3 . 5 8 236 73 6 68 32 10 97 54 30 12 56 12 85 38 14 Max in Single Turn 15 | . 2 1 1 2 2 2 2 1 3 2 15 . 1 . . 6 1 1 1 15 1 8 1 . 1 5 8 3 2 2 3 1 2 2 4 1 3 2 2 2 1 Garrison Access 29 | . . . . . . . . . . . 4 . . . . 3 . . . 1 . 3 . . . . 4 . . 4 . . 3 1 . . 2 . 4 . . Garrison Relay 27 | . . . . . . . . 4 . 4 . . . . . . . . . . 4 . . . . . . . . . . 5 . . . 4 . 6 . . . Phase Generator 3 | . . . . . . . . . . 1 . . . . . . . . . . . . . . . . . . . . . . . . . . . 1 . 1 . Network Hub 4 | . . . . . . . . . . . . . . . . . . . . 4 . . . . . . . . . . . . . . . . . . . . . Energy Cycler 4 | . . . . . . . . . . . . . . . . . . . . . . . . . . . . 1 . . . . . . . . 1 . 2 . . Machines Sabotaged . | . . . . . . . . . . . . . . . . . . . . . . . . . . . . . . . . . . . . . . . . . . Garrisons Compromised . | . . . . . . . . . . . . . . . . . . . . . . . . . . . . . . . . . . . . . . . . . . Overloaded Fab Kills . | . . . . . . . . . . . . . . . . . . . . . . . . . . . . . . . . . . . . . . . . . . Hacking | -11 -10 -10 -9 -9 -9 -8 -8 -8 -8 -8 -7 -7 -7 -7 -6 -6 -6 -6 -6 -6 -6 -5 -5 -5 -5 -4 -4 -4 -4 -3 -3 -3 -2 -2 -2 -2 -1 -1 -1 -1 -1 --------- Run | Scr Mat Min Mat Min Exi Min Mat Gar Mat Gar Fac Low Low Dat Pro Fac Ext Cet Arc Hub Gar Fac Upp Upp War Pro Fac Arm Lab Res Qua Gar Res Tes Sec Gar Acc Gar Acc Com Ac0 Machines Accessed 250 | . 5 . 14 1 2 . 16 . 13 . 6 1 . 3 . 20 5 3 . 13 . 10 2 1 3 1 24 6 1 25 8 . 18 11 12 . 15 . 1 8 2 Terminals 167 | . 4 . 11 1 . . 10 . 9 . 5 . . . . 14 5 3 . 11 . 4 1 . . 1 16 4 . 16 6 . 9 8 10 . 10 . 1 8 . Fabricators 20 | . . . . . . . . . . . 1 . . . . 3 . . . . . 2 . . . . 2 1 . 2 . . 4 2 . . 3 . . . . Repair Stations 4 | . . . 1 . . . 1 . 1 . . . . . . . . . . . . . . . . . 1 . . . . . . . . . . . . . . Recycling Units 13 | . 1 . 2 . . . 2 . 2 . . . . . . . . . . . . 1 . . . . 1 1 . 3 . . . . . . . . . . . Scanalyzers 8 | . . . . . . . 2 . . . . . . . . . . . . . . 1 . . . . . . . . 1 . 2 1 1 . . . . . . Garrison Access 24 | . . . . . . . 1 . 1 . . . . . . 3 . . . 2 . 2 . . . . 4 . . 4 1 . 3 . 1 . 2 . . . . Total Hacks 1133 | . 22 . 56 4 24 . 43 . 42 . 15 1 . 16 . 40 11 12 . 33 . 70 9 1 9 6 123 41 20 117 35 . 92 75 56 . 62 . 7 23 68 Successful 642 | . 14 . 30 1 24 . 16 . 20 . 6 1 . 16 . 23 5 4 . 15 . 31 9 1 9 6 51 19 20 63 21 . 42 44 29 . 35 . 2 17 68 Failed 486 | . 7 . 25 3 . . 27 . 22 . 9 . . . . 17 6 8 . 18 . 38 . . . . 72 21 . 54 14 . 49 31 27 . 27 . 5 6 . Catastrophic 88 | . 1 . 4 1 . . 7 . 4 . 4 . . . . 2 2 2 . 3 . 6 . . . . 15 2 . 13 4 . 4 5 5 . 2 . 1 1 . Database Lockouts 5 | . 1 . 1 . . . . . . . . . . . . . . . . . . 1 . . . . . 1 . . . . 1 . . . . . . . . Manual 577 | . 9 . 28 3 1 . 22 . 30 . 9 . . . . 23 3 4 . 17 . 51 . . 1 . 84 25 . 75 21 . 51 39 31 . 29 . 6 15 . Terminals 816 | . 21 . 51 4 . . 33 . 37 . 11 . . . . 31 11 12 . 31 . 48 8 . . 6 107 33 . 94 28 . 59 60 52 . 49 . 7 23 . Fabricators 80 | . . . . . . . . . . . 4 . . . . 6 . . . . . 11 . . . . 7 1 . 6 . . 24 10 . . 11 . . . . Repair Stations 8 | . . . 3 . . . 1 . 2 . . . . . . . . . . . . . . . . . 2 . . . . . . . . . . . . . . Recycling Units 33 | . 1 . 2 . . . 4 . 2 . . . . . . . . . . . . 2 . . . . 2 7 . 13 . . . . . . . . . . . Scanalyzers 26 | . . . . . . . 4 . . . . . . . . . . . . . . 5 . . . . . . . . 3 . 6 5 3 . . . . . . Garrison Access 30 | . . . . . . . 1 . 1 . . . . . . 3 . . . 2 . 4 . . . . 5 . . 4 4 . 3 . 1 . 2 . . . . Terminal Hacks 391 | . 11 . 21 1 24 . 8 . 14 . 1 1 . 16 . 11 3 4 . 10 . 12 9 1 9 6 23 12 20 27 7 . 13 21 17 . 13 . 1 7 68 Record 99 | . 1 . 1 . 23 . . . . . . . . 11 . . . 3 . . . . 8 . 8 6 1 . 20 . . . . . . . . . . . 17 Part Schematic 24 | . . . 1 . . . . . 1 . . . . . . . . . . . . 1 . . . . 5 2 . 4 1 . 1 6 1 . . . . 1 . Robot Schematic 5 | . . . . . . . . . . . . . . 5 . . . . . . . . . . . . . . . . . . . . . . . . . . . Robot Analysis 11 | . 4 . 3 . . . 2 . 2 . . . . . . . . . . . . . . . . . . . . . . . . . . . . . . . . Prototype ID Bank 14 | . . . 1 . . . 1 . 2 . . . . . . 1 . . . 2 . 2 . . . . 5 . . . . . . . . . . . . . . Open Door 13 | . . . . . . . . . . . . 1 . . . 2 1 1 . . . . 1 1 1 . . . . 1 . . . 1 2 . 1 . . . . Level Access Points 6 | . . . . . . . . . . . . . . . . . . . . 1 . . . . . . 1 1 . 1 . . . . 2 . . . . . . Branch Access Points 7 | . 1 . . . . . 1 . . . . . . . . 1 1 . . . . 1 . . . . . . . 1 . . 1 . . . . . . . . Emergency Access Points 11 | . 1 . 3 . . . . . 1 . . . . . . . . . . . . 1 . . . . . . . 4 . . . . . . 1 . . . . Terminal Index 1 | . . . . . . . . . . . 1 . . . . . . . . . . . . . . . . . . . . . . . . . . . . . . Alert Level 8 | . 2 . 3 . . . 1 . 1 . . . . . . . . . . . . . . . . . 1 . . . . . . . . . . . . . . Unreport Threat 59 | . . . 4 . . . 1 . 5 . . . . . . 2 . . . 3 . 5 . . . . 6 6 . 4 5 . 7 5 5 . 1 . . . . Locate Traps 28 | . . . 1 . . . 2 . 1 . . . . . . 1 . . . 2 . 1 . . . . 1 . . 5 . . 3 1 3 . 5 . . 2 . Disarm Traps 1 | . . . . . . . . . . . . . . . . . . . . . . . . . . . . . . 1 . . . . . . . . . . . Reprogram Traps 3 | . . . . . . . . . . . . . . . . 1 . . . . . . . . . . . . . . 1 . . . 1 . . . . . . Patrol Status 2 | . . . . . . . . . . . . . . . . . . . . . . . . . . . . 1 . 1 . . . . . . . . . . . Transport Status 2 | . . . . . . . . . . . . . . . . 1 . . . . . . . . . . . . . . . . . . . . . . . 1 . Assault Status 1 | . . . 1 . . . . . . . . . . . . . . . . . . . . . . . . . . . . . . . . . . . . . . Recall Extermination 1 | . . . . . . . . . . . . . . . . . . . . . . . . . . . . . . . . . . 1 . . . . . . . Recall Assault 2 | . . . . . . . . . . . . . . . . . . . . . . . . . . . 2 . . . . . . . . . . . . . . Hauler Manifests 17 | . 2 . 1 . . . . . 1 . . . . . . 2 1 . . 1 . 1 . . . . 1 1 . 1 . . 1 1 1 . 2 . . . . Registered Components 1 | . . . . . . . . . . . . . . . . . . . . . . . . . . . . . . . . . . . . . 1 . . . . Registered Prototypes 1 | . . . . . . . . . . . . . . . . . . . . . . . . . . . . . . . . . . . . . 1 . . . . Zone Layout 17 | . . . 2 1 . . . . . . . . . . . . . . . 1 . . . . . . . 1 . 4 . . . 3 2 . 1 . 1 1 . EX-Prototype ID Bank 1 | . . . . . 1 . . . . . . . . . . . . . . . . . . . . . . . . . . . . . . . . . . . . Protovariant Controls 3 | . . . . . . . . . . . . . . . . . . . . . . . . . . . . . . . . . . 3 . . . . . . . Disengage Seal 2 | . . . . . . . . . . . . . . . . . . . . . . . . . . . . . . . . . . . . . . . . 2 . Gate Test 138-B 15 | . . . . . . . . . . . . . . . . . . . . . . . . . . . . . . . . . . . . . . . . . 15 Gate Test 138-C 12 | . . . . . . . . . . . . . . . . . . . . . . . . . . . . . . . . . . . . . . . . . 12 Gate Test 138-END 12 | . . . . . . . . . . . . . . . . . . . . . . . . . . . . . . . . . . . . . . . . . 12 Fabricator Hacks 47 | . . . . . . . . . . . 1 . . . . 4 . . . . . 5 . . . . 3 1 . 2 . . 8 5 . . 6 . . . 12 Network Status 4 | . . . . . . . . . . . 1 . . . . . . . . . . . . . . . 1 1 . . . . . 1 . . . . . . . Load Schematic 15 | . . . . . . . . . . . . . . . . 2 . . . . . 2 . . . . 1 . . 1 . . 4 2 . . 3 . . . . Build 16 | . . . . . . . . . . . . . . . . 2 . . . . . 3 . . . . 1 . . 1 . . 4 2 . . 3 . . . . Repair Station Hacks 4 | . . . 2 . . . . . . . . . . . . . . . . . . . . . . . 2 . . . . . . . . . . . . . . Scan Component 3 | . . . 2 . . . . . . . . . . . . . . . . . . . . . . . 1 . . . . . . . . . . . . . . Repair 1 | . . . . . . . . . . . . . . . . . . . . . . . . . . . 1 . . . . . . . . . . . . . . Recycling Unit Hacks 7 | . . . . . . . . . . . . . . . . . . . . . . 1 . . . . 1 1 . 4 . . . . . . . . . . . Report Inventory 6 | . . . . . . . . . . . . . . . . . . . . . . 1 . . . . 1 1 . 3 . . . . . . . . . . . Retrieve Matter 1 | . . . . . . . . . . . . . . . . . . . . . . . . . . . . . . 1 . . . . . . . . . . . Scanalyzer 12 | . . . . . . . 2 . . . . . . . . . . . . . . 2 . . . . . . . . . . 4 2 2 . . . . . . Insert Component 8 | . . . . . . . 1 . . . . . . . . . . . . . . 2 . . . . . . . . . . 2 1 2 . . . . . . Analyze 4 | . . . . . . . 1 . . . . . . . . . . . . . . . . . . . . . . . . . 2 1 . . . . . . . Garrison Access Hacks 28 | . . . . . . . 1 . 1 . . . . . . 3 . . . 2 . 4 . . . . 5 . . 4 2 . 3 . 1 . 2 . . . . Unlock Access 10 | . . . . . . . 1 . 1 . . . . . . . . . . 1 . 2 . . . . 1 . . . 1 . . . 1 . 2 . . . . Seal Access 15 | . . . . . . . . . . . . . . . . 3 . . . 1 . . . . . . 4 . . 4 . . 3 . . . . . . . . Coupler Status 3 | . . . . . . . . . . . . . . . . . . . . . . 2 . . . . . . . . 1 . . . . . . . . . . Unauthorized Hacks 165 | . 3 . 7 . . . 5 . 5 . 4 . . . . 5 2 . . 3 . 7 . . . . 17 5 . 26 12 . 14 16 9 . 14 . 1 10 . Terminals 124 | . 2 . 5 . . . 2 . 2 . 3 . . . . 4 2 . . 3 . 2 . . . . 14 3 . 16 9 . 11 13 9 . 13 . 1 10 . Track 5 | . . . . . . . . . . . . . . . . . . . . . . . . . . . . . . 1 . . . 2 2 . . . . . . Assimilate 18 | . . . . . . . . . . . . . . . . . . . . . . . . . . . 1 . . 1 2 . 3 3 . . 5 . . 3 . Botnet 86 | . 2 . 3 . . . 2 . 2 . 3 . . . . 3 2 . . 2 . 2 . . . . 11 3 . 12 6 . 7 6 7 . 7 . . 6 . Detonate 1 | . . . . . . . . . . . . . . . . . . . . 1 . . . . . . . . . . . . . . . . . . . . . Disrupt 4 | . . . 1 . . . . . . . . . . . . . . . . . . . . . . . 1 . . 1 . . . 1 . . . . . . . Operators 10 | . . . 1 . . . . . . . . . . . . 1 . . . . . . . . . . 1 . . 1 1 . 1 1 . . 1 . 1 1 . Fabricators 16 | . . . . . . . . . . . 1 . . . . 1 . . . . . 4 . . . . 2 . . 2 . . 3 2 . . 1 . . . . Report 1 | . . . . . . . . . . . . . . . . . . . . . . 1 . . . . . . . . . . . . . . . . . . . Prioritize 10 | . . . . . . . . . . . . . . . . . . . . . . 2 . . . . 1 . . 1 . . 3 2 . . 1 . . . . Haulers 5 | . . . . . . . . . . . 1 . . . . 1 . . . . . 1 . . . . 1 . . 1 . . . . . . . . . . . Repair Stations 2 | . . . . . . . 1 . 1 . . . . . . . . . . . . . . . . . . . . . . . . . . . . . . . . Mechanics 2 | . . . . . . . 1 . 1 . . . . . . . . . . . . . . . . . . . . . . . . . . . . . . . . Recycling Units 19 | . 1 . 2 . . . 2 . 2 . . . . . . . . . . . . 1 . . . . 1 2 . 8 . . . . . . . . . . . Monitor 2 | . . . . . . . . . . . . . . . . . . . . . . . . . . . . . . 2 . . . . . . . . . . . Reject 3 | . . . . . . . . . . . . . . . . . . . . . . . . . . . . 1 . 2 . . . . . . . . . . . Recyclers 5 | . . . . . . . . . . . . . . . . . . . . . . 1 . . . . 1 1 . 2 . . . . . . . . . . . Mask 2 | . . . . . . . . . . . . . . . . . . . . . . . . . . . . . . 2 . . . . . . . . . . . Tunnel 7 | . 1 . 2 . . . 2 . 2 . . . . . . . . . . . . . . . . . . . . . . . . . . . . . . . . Scanalyzers 2 | . . . . . . . . . . . . . . . . . . . . . . . . . . . . . . . 1 . . 1 . . . . . . . Researchers 2 | . . . . . . . . . . . . . . . . . . . . . . . . . . . . . . . 1 . . 1 . . . . . . . Garrison Access 2 | . . . . . . . . . . . . . . . . . . . . . . . . . . . . . . . 2 . . . . . . . . . . Restock 1 | . . . . . . . . . . . . . . . . . . . . . . . . . . . . . . . 1 . . . . . . . . . . Watchers 1 | . . . . . . . . . . . . . . . . . . . . . . . . . . . . . . . 1 . . . . . . . . . . Data Cores Recovered 6 | . . . . . . . . . 1 . 1 . . . . 1 1 . . . . . . . . . . . . 1 1 . . . . . . . . . . Used 6 | . . . . . . . . . 1 . 1 . . . . 1 1 . . . . . . . . . . . . 1 1 . . . . . . . . . . Hacking Detections 174 | . 4 . 12 1 . . 13 . 9 . 5 . . . . 13 4 3 . 12 . 7 . . . . 19 5 . 13 5 . 14 10 8 . 12 . 1 4 . Full Trace Events 60 | . 4 . 9 1 . . 4 . 1 . 1 . . . . 4 2 3 . 3 . 4 . . . . 3 . . 5 . . 7 3 1 . 4 . 1 . . Feedback Events 2 | . . . . 1 . . . . . . . . . . . . . . . . . 1 . . . . . . . . . . . . . . . . . . . Corruption 2 | . . . . 1 . . . . . . . . . . . . . . . . . 1 . . . . . . . . . . . . . . . . . . . Feedback Blocked . | . . . . . . . . . . . . . . . . . . . . . . . . . . . . . . . . . . . . . . . . . . Robot Schematics Acquired 15 | . . . . . . . . . . . . . . 5 . . . . . . . . . . . . . . . . 4 . . 6 . . . . . . . Robots Built 3 | . . . . . . . . . . . . . . . . . . . . . . 3 . . . . . . . . . . . . . . . . . . . Authchips . | . . . . . . . . . . . . . . . . . . . . . . . . . . . . . . . . . . . . . . . . . . Time 207 | . . . . . . . . . . . . . . . . . . . . . . 207 . . . . . . . . . . . . . . . . . . . Total Robot Build Rating 18 | . . . . . . . . . . . . . . . . . . . . . . 18 . . . . . . . . . . . . . . . . . . . Part Schematics Acquired 54 | . . . 1 . . . 1 . 1 . . . . . . . . . . . . 1 . . . . 5 1 . 4 19 . 2 14 4 . . . . 1 . Parts Built 17 | . . . . . . . . . . . . . . . . 4 . . . . . 1 . . . . 2 . . 1 . . 4 2 . . 3 . . . . Authchips . | . . . . . . . . . . . . . . . . . . . . . . . . . . . . . . . . . . . . . . . . . . Time 758 | . . . . . . . . . . . . . . . . 109 . . . . . 76 . . . . 39 . . 34 . . 185 139 . . 176 . . . . Total Part Build Rating 115 | . . . . . . . . . . . . . . . . 12 . . . . . 5 . . . . 14 . . 8 . . 36 15 . . 25 . . . . Parts Repaired 1 | . . . . . . . . . . . . . . . . . . . . . . . . . . . 1 . . . . . . . . . . . . . . Time 47 | . . . . . . . . . . . . . . . . . . . . . . . . . . . 47 . . . . . . . . . . . . . . Parts Recycled . | . . . . . . . . . . . . . . . . . . . . . . . . . . . . . . . . . . . . . . . . . . Recycled Matter . | . . . . . . . . . . . . . . . . . . . . . . . . . . . . . . . . . . . . . . . . . . Retrieved Matter 304 | . . . . . . . . . . . . . . . . . . . . . . . . . . . . . . 304 . . . . . . . . . . . Retrieved Components . | . . . . . . . . . . . . . . . . . . . . . . . . . . . . . . . . . . . . . . . . . . Parts Scanalyzed 4 | . . . . . . . 1 . . . . . . . . . . . . . . 1 . . . . . . . . . . 1 1 . . . . . . . Part Schematics Acquired 3 | . . . . . . . 1 . . . . . . . . . . . . . . . . . . . . . . . . . 1 1 . . . . . . . Parts Damaged . | . . . . . . . . . . . . . . . . . . . . . . . . . . . . . . . . . . . . . . . . . . Bothacking | -11 -10 -10 -9 -9 -9 -8 -8 -8 -8 -8 -7 -7 -7 -7 -6 -6 -6 -6 -6 -6 -6 -5 -5 -5 -5 -4 -4 -4 -4 -3 -3 -3 -2 -2 -2 -2 -1 -1 -1 -1 -1 ------------ Run | Scr Mat Min Mat Min Exi Min Mat Gar Mat Gar Fac Low Low Dat Pro Fac Ext Cet Arc Hub Gar Fac Upp Upp War Pro Fac Arm Lab Res Qua Gar Res Tes Sec Gar Acc Gar Acc Com Ac0 Used RIF Installer 6 | . . . . . . . . 1 . 1 . . . . . . . . . . 1 . . . . . . . . . . 1 . . . 1 . 1 . . . Hotswap 1 | . . . . . . . . . . . . . . . . . . . . . . . . . . . . . . . . . . . . 1 . . . . . Threat Obfuscator 1 | . . . . . . . . . . 1 . . . . . . . . . . . . . . . . . . . . . . . . . . . . . . . Signal Jammer 1 | . . . . . . . . . . . . . . . . . . . . . 1 . . . . . . . . . . . . . . . . . . . . Zone Cloak 1 | . . . . . . . . . . . . . . . . . . . . . . . . . . . . . . . . . . . . . . 1 . . . Structural Interface 1 | . . . . . . . . . . . . . . . . . . . . . . . . . . . . . . . . 1 . . . . . . . . . Robots Hacked 1 | . . . . . . . . . . . . . . . . 1 . . . . . . . . . . . . . . . . . . . . . . . . . Non-combat 1 | . . . . . . . . . . . . . . . . 1 . . . . . . . . . . . . . . . . . . . . . . . . . Combat . | . . . . . . . . . . . . . . . . . . . . . . . . . . . . . . . . . . . . . . . . . . Robot Hacks Applied 1 | . . . . . . . . . . . . . . . . 1 . . . . . . . . . . . . . . . . . . . . . . . . . find_chute 1 | . . . . . . . . . . . . . . . . 1 . . . . . . . . . . . . . . . . . . . . . . . . . Relay Couplers Released 64 | . . . . . . . . 6 . 7 1 . . . . 2 . . . 1 7 2 . . . . 2 . . 2 1 9 2 1 . 8 . 10 3 . . Machine Destruction 61 | . . . . . . . . 6 . 7 1 . . . . 2 . . . 1 7 2 . . . . 2 . . 2 . 9 2 1 . 8 . 10 1 . . Programmers 3 | . . . . . . . . . . . . . . . . . . . . . . . . . . . . . . . 1 . . . . . . . 2 . . Fabnet Peak Effective % . | . . . . . . . . . . . . . . . . . . . . . . . . . . . . . . . . . . . . . . . . . . Robots Rewired 41 | . . . . . . . . 6 . 9 . . 2 . . . 14 . . . . . . . . . . . . . . . . 1 . . . 9 . . . Allies Hacked . | . . . . . . . . . . . . . . . . . . . . . . . . . . . . . . . . . . . . . . . . . . Hacks Repelled . | . . . . . . . . . . . . . . . . . . . . . . . . . . . . . . . . . . . . . . . . . . Allies | -11 -10 -10 -9 -9 -9 -8 -8 -8 -8 -8 -7 -7 -7 -7 -6 -6 -6 -6 -6 -6 -6 -5 -5 -5 -5 -4 -4 -4 -4 -3 -3 -3 -2 -2 -2 -2 -1 -1 -1 -1 -1 -------- Run | Scr Mat Min Mat Min Exi Min Mat Gar Mat Gar Fac Low Low Dat Pro Fac Ext Cet Arc Hub Gar Fac Upp Upp War Pro Fac Arm Lab Res Qua Gar Res Tes Sec Gar Acc Gar Acc Com Ac0 Total Allies 69 | . . . . 4 . . . 6 . 9 . . 2 . . . 20 5 . . . 3 . . . . 1 . . 1 1 . 2 3 . . 2 9 . 1 . Largest Group 14 | . . . . 3 3 . . 6 6 9 9 . 2 2 . . 14 6 . . . 3 . . . . 1 . . 1 1 . 1 3 . . 1 9 9 1 . Highest-Rated Group 639 | . . . . 40 40 . . 72 72 200 200 . 60 60 . . 377 639 . . . 126 . . . . 10 . . 26 10 . 45 194 . . 26 441 441 45 . Highest-Rated Ally 159 | . . . . 31 16 . . 14 14 40 40 . 30 30 . . 159 159 . . . 42 . . . . 10 . . 26 10 . 45 123 . . 26 69 69 45 . Total Orders 25 | . . . . . 2 . . . . . . . . 1 . . . 4 . . . 2 . . . . . . . 2 . . . 10 . . 4 . . . . STAY 13 | . . . . . 1 . . . . . . . . 1 . . . 2 . . . 1 . . . . . . . 1 . . . 5 . . 2 . . . . FOLLOW 12 | . . . . . 1 . . . . . . . . . . . . 2 . . . 1 . . . . . . . 1 . . . 5 . . 2 . . . . Ally Attacks 282 | . . . . 17 35 . . . 15 . 18 . . . . . 93 72 . . . 19 . . . . . . . . . . . 13 . . . . . . . Total Damage 7435 | . . . . 202 145 . . . 260 . 676 . . . . . 1982 2871 . . . 672 . . . . . . . . . . . 627 . . . . . . . Kills 42 | . . . . 4 1 . . . 1 . 5 . . . . . 10 16 . . . 3 . . . . . . . . . . . 2 . . . . . . . Allies Corrupted 6 | . . . . . . . . . . . . . . . . . 2 . . . . . . . . . . . . . . . . 1 . . . . 3 . . Allies Melted . | . . . . . . . . . . . . . . . . . . . . . . . . . . . . . . . . . . . . . . . . . . Intel | -11 -10 -10 -9 -9 -9 -8 -8 -8 -8 -8 -7 -7 -7 -7 -6 -6 -6 -6 -6 -6 -6 -5 -5 -5 -5 -4 -4 -4 -4 -3 -3 -3 -2 -2 -2 -2 -1 -1 -1 -1 -1 ------- Run | Scr Mat Min Mat Min Exi Min Mat Gar Mat Gar Fac Low Low Dat Pro Fac Ext Cet Arc Hub Gar Fac Upp Upp War Pro Fac Arm Lab Res Qua Gar Res Tes Sec Gar Acc Gar Acc Com Ac0 Robot Analysis Total 139 | . 4 . 3 . . . 2 . 2 . . . . 128 . . . . . . . . . . . . . . . . . . . . . . . . . . . Derelict Logs Recovered 13 | . . 1 . 2 . . . . . . . 2 1 . 2 . . . . . . . 2 1 . 2 . . . . . . . . . . . . . . . Drone Launches . | . . . . . . . . . . . . . . . . . . . . . . . . . . . . . . . . . . . . . . . . . . Drone Recoveries . | . . . . . . . . . . . . . . . . . . . . . . . . . . . . . . . . . . . . . . . . . . Exploration | -11 -10 -10 -9 -9 -9 -8 -8 -8 -8 -8 -7 -7 -7 -7 -6 -6 -6 -6 -6 -6 -6 -5 -5 -5 -5 -4 -4 -4 -4 -3 -3 -3 -2 -2 -2 -2 -1 -1 -1 -1 -1 ------------- Run | Scr Mat Min Mat Min Exi Min Mat Gar Mat Gar Fac Low Low Dat Pro Fac Ext Cet Arc Hub Gar Fac Upp Upp War Pro Fac Arm Lab Res Qua Gar Res Tes Sec Gar Acc Gar Acc Com Ac0 Turns Passed 54818 | 252 3841 1064 5339 1438 1518 403 1210 892 929 709 2111 542 536 77 429 1698 813 1026 2306 852 621 1286 521 428 2171 473 1456 882 310 3066 1186 616 1942 1448 1385 775 1066 440 1257 4044 1460 Spaces Moved 69860 | 85 1739 603 2328 768 1585 726 1660 999 1292 1013 2777 1277 978 111 1002 2510 1011 1388 783 852 1028 1653 1368 1187 2227 1119 2643 1472 381 3128 1198 979 3063 2397 1572 967 2265 796 2316 8037 4577 Core 424 | 3 . . . . . . 1 . . . . . . . . . 1 . 373 . 1 . . . . . . . . . . . 1 28 . 16 . . . . . Treads 5871 | 82 1739 603 2328 768 350 . . . . . . . . . . . . . . . . . . . . . . . . . . . . . . . . . 1 . . Legs 5 | . . . . . 3 . . . . . . . . . . . . . . . . . . . . . . . . . . . . 1 . . . 1 . . . Wheels 1 | . . . . . . . . . . . . . . . . . . . . . . . . . . . . . . . . . 1 . . . . . . . . Hover . | . . . . . . . . . . . . . . . . . . . . . . . . . . . . . . . . . . . . . . . . . . Flight 63559 | . . . . . 1232 726 1659 999 1292 1013 2777 1277 978 111 1002 2510 1010 1388 410 852 1027 1653 1368 1187 2227 1119 2643 1472 381 3128 1198 979 3061 2368 1572 951 2265 795 2315 8037 4577 Fastest Speed 6 | 50 160 160 160 160 50 50 50 50 50 50 39 34 39 39 39 26 26 26 34 26 34 26 34 34 26 34 18 18 27 18 26 34 17 14 14 26 6 22 6 6 6 Average Speed 45 | 156 160 160 160 160 74 50 50 50 50 50 48 38 39 39 39 34 34 33 208 32 34 33 34 34 33 34 30 26 35 46 32 34 29 27 25 33 20 22 21 21 20 Slowest Speed 400 | 160 160 160 160 160 210 50 300 50 50 50 292 39 39 39 39 39 400 34 400 34 400 34 34 34 240 34 145 32 87 114 114 34 200 200 79 200 137 190 160 86 22 Overloaded Moves 3686 | . . . . . . . . . . . 1 17 . . . 20 7 113 . 111 . 33 . . 83 . 62 8 . 320 373 . 202 393 326 . 693 . 70 250 604 Propulsion Burnouts . | . . . . . . . . . . . . . . . . . . . . . . . . . . . . . . . . . . . . . . . . . . Robots Hopped 298 | . . . . . . 6 13 . 7 . 3 . . . . 12 4 . 1 12 . 1 . . . . 18 . . 14 45 1 9 13 1 1 25 . 9 25 78 Cave-ins Triggered 1 | . . . . . . . . . . . . . . . . . . . . . . . . . . . . . . 1 . . . . . . . . . . . Teleports 10 | . . . . . . . . . . . . . . . . . . . . . . . . . . . . . 1 . 4 . . . 2 . . . . 1 2 Exploration Rate (%) 88 | 6 99 100 99 99 90 99 98 72 95 93 75 99 99 82 99 70 97 91 100 89 90 69 99 98 98 99 85 96 96 74 94 99 71 98 68 99 58 99 71 94 98 Regions Visited 41 Branch Regions 23 Pre-discovered Areas 28 | . 1 . 2 2 1 . 2 . 2 . . . . 16 1 . . . . . . . . 1 . . . . . . . . . . . . . . . . . Known Exits Taken 18 | . 1 . 1 . . . 1 . 1 . 1 . . . 1 1 1 . . 1 . 1 1 . . 1 . . 1 1 1 . 1 . 1 . 1 . . . . Unknown Exits Taken 17 | 1 . 1 . 1 1 1 . . . . . 1 1 1 . . . 1 1 . . . . 1 1 . 1 1 . . . . . 1 . . . . 1 1 . Scrap Searched 21 | . . 1 . 2 . 1 . . . . . 2 5 . 1 . . . . . . . 4 3 . 2 . . . . . . . . . . . . . . . Spaces Dug 830 | . 15 . 10 . . . 2 . 57 1 19 . 1 . 1 11 1 . 56 8 22 131 4 . 2 5 206 46 . 23 . . 31 17 33 . 9 . 29 33 57 Terrain Destroyed 12078 | . 182 . 10 40 17 44 100 . 268 169 307 4 6 . 3 1004 80 29 244 792 27 1431 45 28 494 71 2144 196 13 406 243 1 471 285 110 70 671 159 579 840 495 Melee 58 | . 15 . 10 . . . 2 . 12 1 17 . 1 . . . . . . . . . . . . . . . . . . . . . . . . . . . . Projectile 3008 | . . . . . 1 16 57 . 64 . 29 4 5 . 3 104 80 29 244 101 27 276 45 28 180 50 320 2 . 237 165 1 176 98 26 5 58 5 47 113 412 AOE 9000 | . 167 . . 40 16 28 41 . 192 168 261 . . . . 900 . . . 691 . 1155 . . 314 21 1824 194 13 169 78 . 295 187 84 65 607 153 532 722 83 Terrain Rammed . | . . . . . . . . . . . . . . . . . . . . . . . . . . . . . . . . . . . . . . . . . . Walls Destroyed . | . . . . . . . . . . . . . . . . . . . . . . . . . . . . . . . . . . . . . . . . . . Machines Disabled . | . . . . . . . . . . . . . . . . . . . . . . . . . . . . . . . . . . . . . . . . . . Actions | -11 -10 -10 -9 -9 -9 -8 -8 -8 -8 -8 -7 -7 -7 -7 -6 -6 -6 -6 -6 -6 -6 -5 -5 -5 -5 -4 -4 -4 -4 -3 -3 -3 -2 -2 -2 -2 -1 -1 -1 -1 -1 --------- Run | Scr Mat Min Mat Min Exi Min Mat Gar Mat Gar Fac Low Low Dat Pro Fac Ext Cet Arc Hub Gar Fac Upp Upp War Pro Fac Arm Lab Res Qua Gar Res Tes Sec Gar Acc Gar Acc Com Ac0 Total 91408 | 163 2337 659 3576 909 1866 760 2021 1392 1504 1210 3376 1324 1134 150 1047 3271 1506 2010 1285 1441 1286 2347 1427 1216 3597 1205 3337 2006 542 4739 1979 1268 4123 3165 2560 1410 2845 1054 3049 10294 5018 Wait 8477 | 54 207 1 877 79 109 . 77 202 24 35 41 9 88 2 4 206 65 278 199 193 16 181 10 1 667 23 195 47 76 1029 288 87 465 264 598 187 97 52 133 1082 229 Move 69290 | 84 1738 602 2327 767 1584 714 1637 998 1278 1012 2771 1276 977 110 1001 2485 1001 1387 780 831 1026 1650 1367 1186 2225 1118 2610 1471 380 3100 1128 976 3045 2370 1569 964 2218 795 2296 7991 4445 Hop 223 | . . . . . . 5 9 . 6 . 2 . . . . 12 4 . 1 8 . 1 . . . . 14 . . 12 24 1 8 13 1 1 20 . 9 19 53 Pick Up 191 | . 5 1 18 2 17 . 20 . 6 . 10 4 1 4 . 1 . . . 1 . 3 . . 2 . 1 1 4 3 2 . 7 9 12 9 9 . . 29 10 Fast Attach 318 | 6 4 1 21 2 23 . 26 3 5 . 13 5 . 2 . 10 1 3 . 3 . 2 . . 25 . 4 4 15 7 13 1 6 24 33 1 2 2 13 20 18 Attach 94 | . 1 . 1 1 12 1 7 . 2 . 3 1 . 2 . . . . . . . 1 . . . . . . 3 5 1 . 3 4 15 2 9 . 4 13 3 Detach 93 | . 1 1 1 1 16 . 9 . 2 . 4 1 . 2 . . . . . 1 . . . . 1 . . . 4 3 2 . 2 1 12 1 7 . 4 15 2 Swap 188 | . 11 3 18 10 3 2 4 . 2 . 2 . . . . 4 4 2 . 7 . 6 1 . 15 1 4 . 2 5 8 4 5 14 2 5 4 2 4 14 20 Drop 441 | . 6 4 32 3 43 1 41 2 9 . 18 9 1 5 . 10 1 3 . 3 . 5 . . 28 . 4 4 15 10 8 1 12 32 29 10 8 2 12 45 25 Fire 8540 | 19 253 14 119 27 42 15 134 74 112 54 320 13 31 17 34 474 257 270 303 326 104 431 43 23 515 42 440 367 26 440 319 108 427 308 231 87 349 97 431 735 109 Melee 345 | . 64 5 53 6 . . 25 8 48 9 122 1 3 1 . . . . . . . . . . . . . . . . . . . . . . . . . . . Ram . | . . . . . . . . . . . . . . . . . . . . . . . . . . . . . . . . . . . . . . . . . . Kick . | . . . . . . . . . . . . . . . . . . . . . . . . . . . . . . . . . . . . . . . . . . Crush 36 | . 17 6 13 . . . . . . . . . . . . . . . . . . . . . . . . . . . . . . . . . . . . . . Escape Stasis 735 | . . . . . . . . 43 . 30 11 . . . . . 20 . . . 128 18 . . 1 . . 69 . 37 39 69 . 34 . 123 1 24 12 76 . Rewire 287 | . . . . . . . . 44 . 53 . . 29 . . . 102 . . . . . . . . . . . . . . . . 6 . . . 53 . . . Trap 1 | . . . . . . . . . . . . . . . . . . . . . . . . . 1 . . . . . . . . . . . . . . . . Miscellaneous 2149 | . 30 21 96 11 17 22 32 18 10 17 59 5 4 5 8 69 51 67 2 68 12 49 6 6 117 21 65 43 17 88 147 21 143 86 58 20 121 27 131 255 104 Route ------- -11/Scrapyard -10/Materials (discovered 5 exits: *Mat x3 / *Min x2) -10/Mines (discovered 2 exits: *Mat x2) -9/Materials (discovered 4 exits: *Mat x3 / *Min) -9/Mines (discovered 3 exits: *Mat x2 / *Exi) -9/Exiles (discovered 2 exits: [*Min x2]) -8/Mines (discovered 2 exits: *Mat x2) -8/Materials (discovered 4 exits: *Fac x3 / Gar) -8/Garrison (discovered 3 exits: *Mat x3) -8/Materials (discovered 4 exits: *Fac x3 / Gar) -8/Garrison (discovered 3 exits: *Fac x3) -7/Factory (discovered 4 exits: *Fac x3 / *Low) -7/Lower Caves -7/Lower Caves (discovered 2 exits: *Fac / *Dat) -7/Data Miner -6/Proximity Caves -6/Factory (discovered 6 exits: *Fac x2 / Low x2 / *Ext x2) -6/Extension (discovered 2 exits: *Fac / *Cet) -6/Cetus (discovered 3 exits: *Fac x2 / [*Arc]) -6/Archives (discovered 3 exits: *Fac / *Hub x2) -6/Hub_04(d) (discovered 5 exits: *Fac x4 / Gar) -6/Garrison (discovered 3 exits: *Fac x3) -5/Factory (discovered 5 exits: *Fac x2 / *Upp x2 / Gar) -5/Upper Caves -5/Upper Caves (discovered 2 exits: *Fac / *War) -5/Warlord -4/Proximity Caves -4/Factory (discovered 7 exits: *Res x4 / *Upp x2 / *Arm) -4/Armory (discovered 3 exits: *Res x2 / *Lab) -4/Lab -3/Research (discovered 5 exits: *Res x3 / *Qua x2) -3/Quarantine (discovered 2 exits: *Res / Gar) -3/Garrison (discovered 3 exits: *Res x3) -2/Research (discovered 4 exits: *Acc x2 / *Tes x2) -2/Testing (discovered 2 exits: *Acc / *Sec) -2/Section 7 (discovered 2 exits: *Acc / Gar) -2/Garrison (discovered 3 exits: *Acc x3) -1/Access (discovered 3 exits: *Sur / Gar / Gar) -1/Garrison (discovered 3 exits: *Acc x3) -1/Access -1/Command (discovered 3 exits: *Sur x2 / *Ac0) -1/Access_0 0b11 Command History --------- Turn | Location | Event 4 | -11/Scrapyard | Upgraded with Propulsion slot (x1) 4 | -11/Scrapyard | Upgraded with Weapon slot (x1) 9 | -11/Scrapyard | Discovered new exit (range 14) 253 | -11/Scrapyard | Entered Materials 311 | -10/Materials | Build established: Mutant 432 | -10/Materials | Discovered new exit (range 15) 554 | -10/Materials | Discovered new exit (range 15) 1047 | -10/Materials | Discovered new exit (range 16) 1094 | -10/Materials | Central database locked down 1129 | -10/Materials | Identified exit to Mines 1213 | -10/Materials | Reached level 2 1508 | -10/Materials | Discovered new exit (range 9) 2164 | -10/Materials | Upgraded with Weapon slot (x1) 2230 | -10/Materials | Reached level 3 3286 | -10/Materials | Reached level 4 4094 | -10/Materials | Entered Mines 4230 | -10/Mines | Discovered new exit (range 5) 4238 | -10/Mines | Reached level 5 4377 | -10/Mines | Discovered new exit (range 5) 4566 | -10/Mines | Build established: Gunner 4723 | -10/Mines | Learned location of 1 exit from Materials 4824 | -10/Mines | Core integrity fell below 50% 4826 | -10/Mines | Destroyed YI-UF0 5158 | -10/Mines | Entered Materials 5159 | -9/Materials | Identified exit to Mines 5160 | -9/Materials | Reached level 6 5525 | -9/Materials | Reached level 7 5619 | -9/Materials | Discovered new exit (range 6) 6108 | -9/Materials | Discovered new exit (range 10) 6393 | -9/Materials | Reached level 8 6514 | -9/Materials | Upgraded with Utility slot (x1) 6587 | -9/Materials | Discovered new exit (range 3) 6887 | -9/Materials | Core integrity fell below 50% 6900 | -9/Materials | Core integrity fell below 20% 7291 | -9/Materials | Reached level 9 7728 | -9/Materials | Central database locked down 9443 | -9/Materials | Build established: Mutant 9936 | -9/Materials | Reached level 10 9968 | -9/Materials | Sterilization system engaged 9968 | -9/Materials | Non-combat units ordered to evacuate 10068 | -9/Materials | Combat units ordered to evacuate 10268 | -9/Materials | Ambient heat levels rising (+10) 10418 | -9/Materials | Ambient heat levels rising (+10) 10497 | -9/Materials | Entered Mines 10498 | -9/Mines | Assembled infested the area 10500 | -9/Mines | Received a Mining Laser from a helpful Derelict 10504 | -9/Mines | Assisted by a Guerilla fighting off Assembled 10649 | -9/Mines | Learned location of Storage (-7) 10658 | -9/Mines | Received a Rocket Launcher from a helpful Derelict 10850 | -9/Mines | Build established: Gunner 10959 | -9/Mines | Discovered new exit (range 4) 11043 | -9/Mines | Upgraded with Utility slot (x1) 11273 | -9/Mines | Build established: Mutant 11298 | -9/Mines | Discovered new exit (range 9) 11323 | -9/Mines | Discovered new exit (range 7) 11785 | -9/Mines | Deemed a non-threat by the Exiles lab entrance 11858 | -9/Mines | Assisted by bots powering up and referring to "LRC-V3" 11935 | -9/Mines | Entered Exiles 11935 | -9/Exiles | Accompanied by 3 allies 11976 | -9/Exiles | Met 8R-AWN 12004 | -9/Exiles | Met EX-HEX 12082 | -9/Exiles | Met EX-DEC 12181 | -9/Exiles | Learned location of Zion (-6) 12332 | -9/Exiles | Discovered new exit (range 15) 12418 | -9/Exiles | Met EX-BIN 12440 | -9/Exiles | Aligned with FarCom system 12442 | -9/Exiles | Given EX-Vault access code 12490 | -9/Exiles | Opened EX-Vault 12496 | -9/Exiles | Upgraded with Propulsion slot (x2) 12496 | -9/Exiles | Upgraded with Weapon slot (x1) 12506 | -9/Exiles | Found Flying Fortress v7 12519 | -9/Exiles | Warned to stay clear of 0b10 Research branches 12686 | -9/Exiles | Found XL Autogun Array 12692 | -9/Exiles | Found Modified TNC 12731 | -9/Exiles | Attacked by the Exiles 12739 | -9/Exiles | Allies destroyed EX-HEX 12797 | -9/Exiles | Destroyed 8R-AWN 12807 | -9/Exiles | Found Prototype Device 12807 | -9/Exiles | Identified AS-neutralizer No. 17b 12821 | -9/Exiles | Found Prototype Ballistic Gun 12821 | -9/Exiles | Identified 8R-AWN's Boregun 12825 | -9/Exiles | Found 8R-AWN's Boregun 13025 | -9/Exiles | Destroyed EX-DEC 13090 | -9/Exiles | Destroyed EX-BIN 13096 | -9/Exiles | Found Prototype Device 13096 | -9/Exiles | Identified System Purifier 13164 | -9/Exiles | Found Prototype Processor 13188 | -9/Exiles | Identified Exp. Core Analyzer 13199 | -9/Exiles | Found Prototype Energy Gun 13199 | -9/Exiles | Identified AWS/EX-DEC 13237 | -9/Exiles | Found Prototype Processor 13251 | -9/Exiles | Identified Exp. Targeting Computer 13304 | -9/Exiles | Found Deploy-a-Sentry 13446 | -9/Exiles | Discovered new exit (range 15) 13453 | -9/Exiles | Stole four prototypes: Flying Fortress v7, XL Autogun Array, Modified TNC, Deploy-a-Sentry 13453 | -9/Exiles | Entered Mines 13455 | -8/Mines | Reached level 11 13480 | -8/Mines | Upgraded with Utility slot (x1) 13527 | -8/Mines | Discovered new exit (range 8) 13545 | -8/Mines | Discovered new exit (range 4) 13654 | -8/Mines | Build established: Gunner 13856 | -8/Mines | Entered Materials 13858 | -8/Materials | Reached level 12 13876 | -8/Materials | Upgraded with Weapon slot (x1) 14173 | -8/Materials | Reached level 13 14196 | -8/Materials | Upgraded with Utility slot (x1) 14228 | -8/Materials | Destroyed 9 combat bots 14252 | -8/Materials | Discovered new exit (range 17) 14259 | -8/Materials | Identified exit to Garrison 14304 | -8/Materials | Discovered new exit (range 10) 14328 | -8/Materials | Found Prototype Device 14328 | -8/Materials | Identified Active Sensor Suite 14538 | -8/Materials | Build established: Scavenger-Gunner 14577 | -8/Materials | Discovered new exit (range 12) 14656 | -8/Materials | First assault squad dispatched 14731 | -8/Materials | Reached level 14 14770 | -8/Materials | Destroyed 7 combat bots 14992 | -8/Materials | Sterilization system engaged 14992 | -8/Materials | Non-combat units ordered to evacuate 15066 | -8/Materials | Entered Garrison 15084 | -8/Garrison | Triggered checkpoint 15096 | -8/Garrison | Garrison Relay disabled 15128 | -8/Garrison | Triggered checkpoint 15192 | -8/Garrison | Garrison Relay disabled 15209 | -8/Garrison | Discovered new exit (range 13) 15224 | -8/Garrison | Triggered checkpoint 15250 | -8/Garrison | Triggered checkpoint 15364 | -8/Garrison | Triggered checkpoint 15369 | -8/Garrison | Discovered new exit (range 13) 15386 | -8/Garrison | Triggered checkpoint 15416 | -8/Garrison | Triggered checkpoint 15443 | -8/Garrison | Garrison Relay disabled 15472 | -8/Garrison | Triggered checkpoint 15475 | -8/Garrison | Reached level 15 15490 | -8/Garrison | Triggered checkpoint 15518 | -8/Garrison | Triggered checkpoint 15525 | -8/Garrison | Discovered new exit (range 17) 15536 | -8/Garrison | Installed Relay Interface Framework 15557 | -8/Garrison | Garrison Relay disabled 15584 | -8/Garrison | Build established: Gunner 15958 | -8/Garrison | Entered Materials 15958 | -8/Materials | Accompanied by 6 allies 15964 | -8/Materials | Build established: Commander-Gunner 15987 | -8/Materials | Garrison activated, responded to threat 16064 | -8/Materials | Destroyed 10 combat bots 16079 | -8/Materials | Identified exit to Garrison 16093 | -8/Materials | Discovered new exit (range 15) 16290 | -8/Materials | Discovered new exit (range 7) 16319 | -8/Materials | Build established: Gunner 16358 | -8/Materials | First assault squad dispatched 16388 | -8/Materials | Discovered new exit (range 18) 16466 | -8/Materials | Upgraded with Utility slot (x1) 16677 | -8/Materials | Build established: Scavenger-Gunner 16825 | -8/Materials | Reached level 16 16850 | -8/Materials | High security lockdown imminent 16878 | -8/Materials | Garrison activated, responded to threat 16887 | -8/Materials | Entered Garrison 16915 | -8/Garrison | Triggered checkpoint 16927 | -8/Garrison | Garrison Relay disabled 16952 | -8/Garrison | Triggered checkpoint 16961 | -8/Garrison | Triggered checkpoint 17003 | -8/Garrison | Garrison Relay disabled 17006 | -8/Garrison | Triggered checkpoint 17040 | -8/Garrison | Discovered new exit (range 17) 17060 | -8/Garrison | Expanded RIF knowledge: Threat Obfuscation 17075 | -8/Garrison | Phase Generator disabled 17098 | -8/Garrison | Triggered checkpoint 17190 | -8/Garrison | Discovered new exit (range 12) 17214 | -8/Garrison | Triggered checkpoint 17238 | -8/Garrison | Destroyed 7 combat bots 17252 | -8/Garrison | Triggered checkpoint 17275 | -8/Garrison | Garrison Relay disabled 17301 | -8/Garrison | Triggered checkpoint 17338 | -8/Garrison | Triggered checkpoint 17368 | -8/Garrison | Triggered checkpoint 17386 | -8/Garrison | Garrison Relay disabled 17395 | -8/Garrison | Discovered new exit (range 10) 17596 | -8/Garrison | Entered Factory 17596 | -7/Factory | Accompanied by 9 allies 17661 | -7/Factory | Reached level 17 17785 | -7/Factory | Discovered new exit (range 17) 17860 | -7/Factory | Discovered new exit (range 17) 17940 | -7/Factory | Upgraded with Utility slot (x1) 17960 | -7/Factory | Identified exit to Lower Caves 17996 | -7/Factory | First assault squad dispatched 18058 | -7/Factory | Destroyed 7 combat bots 18058 | -7/Factory | Identified exit to Factory 18320 | -7/Factory | High security lockdown imminent 18400 | -7/Factory | High security lockdown engaged 18445 | -7/Factory | Reached level 18 18537 | -7/Factory | Upgraded with Power slot (x1) 18541 | -7/Factory | Discovered exit to Factory (range 20) 18553 | -7/Factory | Destroyed 17 combat bots 18593 | -7/Factory | Destroyed 11 combat bots 18641 | -7/Factory | Destroyed 9 combat bots 18702 | -7/Factory | Garrison activated, responded to threat 18734 | -7/Factory | Destroyed 12 combat bots 18832 | -7/Factory | Destroyed 17 combat bots 18882 | -7/Factory | Garrison activated, responded to threat 18896 | -7/Factory | Reached level 19 18975 | -7/Factory | Destroyed 24 combat bots 19027 | -7/Factory | Sterilization system engaged 19027 | -7/Factory | Non-combat units ordered to evacuate 19080 | -7/Factory | Destroyed 19 combat bots 19117 | -7/Factory | Discovered exit to Factory (range 19) 19127 | -7/Factory | Combat units ordered to evacuate 19142 | -7/Factory | Destroyed 7 combat bots 19327 | -7/Factory | Ambient heat levels rising (+10) 19477 | -7/Factory | Ambient heat levels rising (+10) 19542 | -7/Factory | Upgraded with Propulsion slot (x1) 19627 | -7/Factory | Ambient heat levels rising (+10) 19707 | -7/Factory | Entered Lower Caves 19707 | -7/Lower Caves | Spotted JI-Q2J(f) 19707 | -7/Lower Caves | Spotted XK-6KP(f) 19708 | -7/Lower Caves | Encountered a Master Thief 19708 | -7/Lower Caves | Encountered a Master Thief 19708 | -7/Lower Caves | Modified TNC stolen by Master Thief 19709 | -7/Lower Caves | Destroyed JI-Q2J(f) 19939 | -7/Lower Caves | Attracted the attention of an 0b10 checkpoint 19942 | -7/Lower Caves | Learned location of 1 exit from Factory 19955 | -7/Lower Caves | Learned location of 2 exits from Factory 20127 | -7/Lower Caves | Discovered new exit (range 9) 20249 | -7/Lower Caves | Entered another Lower Caves area 20264 | -7/Lower Caves | Discovered exit to Factory (range 7) 20394 | -7/Lower Caves | Discovered new exit (range 19) 20478 | -7/Lower Caves | Attracted the attention of an 0b10 outpost 20514 | -7/Lower Caves | Destroyed 7 combat bots 20601 | -7/Lower Caves | Learned location of 1 exit from Lower Caves 20785 | -7/Lower Caves | Entered Data Miner 20785 | -7/Data Miner | Accompanied by 2 allies 20785 | -7/Data Miner | Discovered new exit (range 6) 20791 | -7/Data Miner | Met Data Miner 20801 | -7/Data Miner | Learned location of Section 7 (-2) 20801 | -7/Data Miner | Acquired the access code to Warlord's prototype stash 20807 | -7/Data Miner | Received God Mode back door access code from Data Miner 20820 | -7/Data Miner | Interfaced with the Data Conduit 20862 | -7/Data Miner | Entered Proximity Caves 20864 | -6/Proximity Caves | Reached level 20 20927 | -6/Proximity Caves | Learned Factory interactive machine intel 21056 | -6/Proximity Caves | Spotted B-75 Beast 21059 | -6/Proximity Caves | Destroyed B-75 Beast 21072 | -6/Proximity Caves | Attracted the attention of an 0b10 checkpoint 21101 | -6/Proximity Caves | Discovered exit to Factory (range 18) 21291 | -6/Proximity Caves | Entered Factory 21292 | -6/Factory | Identified exit to Factory 21292 | -6/Factory | Identified exit to Extension 21293 | -6/Factory | Loaded intel: 254 machine locations 21294 | -6/Factory | Loaded intel: 54 interactive machine locations 21432 | -6/Factory | Fabricated Surge Thruster (x2) 21525 | -6/Factory | Reached level 21 21548 | -6/Factory | Destroyed 8 combat bots 21622 | -6/Factory | Fabricated Surge Thruster (x2) 21622 | -6/Factory | Upgraded with Propulsion slot (x1) 21656 | -6/Factory | Intercept squad dispatched 21661 | -6/Factory | Spotted Tracker 21665 | -6/Factory | Destroyed Tracker 21690 | -6/Factory | Found Prototype Energy Gun 21690 | -6/Factory | Identified Immobilizer 21693 | -6/Factory | Spotted Combat Programmer 21695 | -6/Factory | Destroyed Combat Programmer 21810 | -6/Factory | Spotted B-75 Beast 21816 | -6/Factory | Identified exit to Lower Caves 21820 | -6/Factory | Destroyed B-75 Beast 21929 | -6/Factory | Garrison activated, responded to threat 21956 | -6/Factory | Destroyed 12 combat bots 21991 | -6/Factory | First assault squad dispatched 22021 | -6/Factory | Cargo convoy interrupted 22023 | -6/Factory | High security lockdown imminent 22068 | -6/Factory | Destroyed 21 combat bots 22068 | -6/Factory | Found Prototype Protection 22068 | -6/Factory | Identified Active Cooling Armor 22075 | -6/Factory | Found Adv. EM Disruption Field 22102 | -6/Factory | Reached level 22 22103 | -6/Factory | High security lockdown engaged 22279 | -6/Factory | Garrison activated, responded to threat 22299 | -6/Factory | Destroyed 45 combat bots 22427 | -6/Factory | Sterilization system engaged 22427 | -6/Factory | Non-combat units ordered to evacuate 22447 | -6/Factory | Destroyed 25 combat bots 22495 | -6/Factory | Found Faulty Scatter Rocket Array 22527 | -6/Factory | Combat units ordered to evacuate 22561 | -6/Factory | Destroyed 9 combat bots 22727 | -6/Factory | Ambient heat levels rising (+10) 22859 | -6/Factory | Build established: Scavenger-Mutant 22877 | -6/Factory | Ambient heat levels rising (+10) 22989 | -6/Factory | Entered Extension 22990 | -6/Extension | Loaded intel: 32 machine locations 22992 | -6/Extension | Disrupted transfer network 23028 | -6/Extension | Rescued a captive Derelict 23029 | -6/Extension | Rescued a captive Derelict 23035 | -6/Extension | Identified exit to Cetus 23064 | -6/Extension | Reached level 23 23064 | -6/Extension | High security lockdown imminent 23095 | -6/Extension | Destroyed 7 combat bots 23144 | -6/Extension | High security lockdown engaged 23220 | -6/Extension | Rescued a captive Derelict 23222 | -6/Extension | Rescued a captive Derelict 23260 | -6/Extension | Spotted B-75 Beast 23297 | -6/Extension | Destroyed 12 combat bots 23302 | -6/Extension | Destroyed B-75 Beast 23310 | -6/Extension | Spotted B-75 Beast 23316 | -6/Extension | Destroyed B-75 Beast 23347 | -6/Extension | Destroyed 13 combat bots 23416 | -6/Extension | Destroyed 21 combat bots 23514 | -6/Extension | Destroyed 27 combat bots 23541 | -6/Extension | Rescued A7 23555 | -6/Extension | Rescued a captive Derelict 23562 | -6/Extension | Discovered exit to Factory (range 10) 23597 | -6/Extension | Destroyed 8 combat bots 23733 | -6/Extension | Sterilization system engaged 23733 | -6/Extension | Non-combat units ordered to evacuate 23775 | -6/Extension | Destroyed 30 combat bots 23802 | -6/Extension | Entered Cetus 23802 | -6/Cetus | Accompanied by 1 ally (A7) 23803 | -6/Cetus | Loaded intel: 24 machine locations 23807 | -6/Cetus | Acquired a Cetus Manufacturing Module code from A7 23808 | -6/Cetus | Spotted Cetus Guard 23808 | -6/Cetus | Spotted Cetus Guard 23810 | -6/Cetus | Spotted Cetus Guard 23813 | -6/Cetus | Destroyed Cetus Guard 23815 | -6/Cetus | Destroyed Cetus Guard 23816 | -6/Cetus | Destroyed Cetus Guard 23816 | -6/Cetus | Spotted Cetus Guard 23818 | -6/Cetus | Destroyed Cetus Guard 23841 | -6/Cetus | Escorted A7 to Cetus Mainframe 23849 | -6/Cetus | Started Cetus Manufacturing Module 23852 | -6/Cetus | Discovered new exit (range 19) 23855 | -6/Cetus | Build established: Scavenger-Gunner 23860 | -6/Cetus | Spotted Cetus Guard 23860 | -6/Cetus | Spotted Cetus Guard 23861 | -6/Cetus | Spotted Cetus Guard 23863 | -6/Cetus | Destroyed Cetus Guard 23865 | -6/Cetus | Destroyed Cetus Guard 23866 | -6/Cetus | Spotted Cetus Guard 23867 | -6/Cetus | Destroyed Cetus Guard 23868 | -6/Cetus | Destroyed Cetus Guard 23870 | -6/Cetus | Discovered exit to Factory (range 20) 23874 | -6/Cetus | Manufactured an Enhanced Grunt 23874 | -6/Cetus | Met Revision 17 23874 | -6/Cetus | Destroyed Revision 17 23899 | -6/Cetus | Manufactured an Enhanced Grunt 23913 | -6/Cetus | Discovered exit to Factory (range 19) 23924 | -6/Cetus | Manufactured an Enhanced Grunt 23949 | -6/Cetus | Manufactured an Enhanced Grunt 23973 | -6/Cetus | Destroyed 7 combat bots 23974 | -6/Cetus | Manufactured an Enhanced Grunt 24023 | -6/Cetus | High security lockdown imminent 24103 | -6/Cetus | High security lockdown engaged 24130 | -6/Cetus | Reached level 24 24187 | -6/Cetus | Destroyed 22 combat bots 24307 | -6/Cetus | Destroyed 31 combat bots 24459 | -6/Cetus | Found Prototype Protection 24459 | -6/Cetus | Identified Med. Regenerative Plating 24474 | -6/Cetus | Destroyed 24 combat bots 24521 | -6/Cetus | Destroyed A7 24525 | -6/Cetus | Extracted ID and sensor layout for unrecognized location from A7's data core 24624 | -6/Cetus | Sterilization system engaged 24624 | -6/Cetus | Non-combat units ordered to evacuate 24706 | -6/Cetus | Destroyed 36 combat bots 24724 | -6/Cetus | Combat units ordered to evacuate 24828 | -6/Cetus | Entered Archives 24829 | -6/Archives | Loaded intel: 8 machine locations 24844 | -6/Archives | Discovered exit to Factory (range 14) 24884 | -6/Archives | Discovered new exit (range 19) 24897 | -6/Archives | Discovered new exit (range 19) 25378 | -6/Archives | Build established: Scavenger-Mutant 27134 | -6/Archives | Entered Hub_04(d) 27135 | -6/Hub_04(d) | Loaded intel: 85 machine locations 27154 | -6/Hub_04(d) | Spotted B-75 Beast 27203 | -6/Hub_04(d) | Destroyed B-75 Beast 27208 | -6/Hub_04(d) | Discovered exit to Factory (range 17) 27240 | -6/Hub_04(d) | Garrison activated, responded to threat 27286 | -6/Hub_04(d) | Identified exit to Garrison 27289 | -6/Hub_04(d) | Destroyed 8 combat bots 27308 | -6/Hub_04(d) | Disrupted transfer network 27340 | -6/Hub_04(d) | Discovered exit to Factory (range 9) 27412 | -6/Hub_04(d) | Discovered exit to Factory (range 11) 27426 | -6/Hub_04(d) | Destroyed 8 combat bots 27452 | -6/Hub_04(d) | Discovered exit to Factory (range 4) 27484 | -6/Hub_04(d) | First assault squad dispatched 27515 | -6/Hub_04(d) | Destroyed 14 combat bots 27547 | -6/Hub_04(d) | High security lockdown imminent 27554 | -6/Hub_04(d) | Network Hub disabled 27556 | -6/Hub_04(d) | Spotted Lightning 27556 | -6/Hub_04(d) | Spotted Lightning 27556 | -6/Hub_04(d) | Spotted Lightning 27558 | -6/Hub_04(d) | Spotted Lightning 27559 | -6/Hub_04(d) | Destroyed Lightning 27560 | -6/Hub_04(d) | Spotted Lightning 27565 | -6/Hub_04(d) | Destroyed Lightning 27566 | -6/Hub_04(d) | Spotted Lightning 27569 | -6/Hub_04(d) | Destroyed Lightning 27571 | -6/Hub_04(d) | Upgraded with Utility slot (x1) 27572 | -6/Hub_04(d) | Found Exp. EM Disruption Field 27578 | -6/Hub_04(d) | Found Prototype Energy Cannon 27578 | -6/Hub_04(d) | Identified EMDS 27617 | -6/Hub_04(d) | Network Hub disabled 27624 | -6/Hub_04(d) | Spotted Lightning 27624 | -6/Hub_04(d) | Spotted Lightning 27624 | -6/Hub_04(d) | Spotted Lightning 27627 | -6/Hub_04(d) | High security lockdown engaged 27630 | -6/Hub_04(d) | Destroyed Lightning 27633 | -6/Hub_04(d) | Destroyed Lightning 27636 | -6/Hub_04(d) | Destroyed Lightning 27659 | -6/Hub_04(d) | Destroyed 28 combat bots 27709 | -6/Hub_04(d) | Network Hub disabled 27733 | -6/Hub_04(d) | Destroyed 19 combat bots 27764 | -6/Hub_04(d) | Network Hub disabled 27770 | -6/Hub_04(d) | Destroyed Lightning 27774 | -6/Hub_04(d) | Destroyed Lightning 27776 | -6/Hub_04(d) | Destroyed Lightning 27784 | -6/Hub_04(d) | Found Exp. Phase Shifter 27850 | -6/Hub_04(d) | Destroyed 26 combat bots 27950 | -6/Hub_04(d) | Sterilization system engaged 27950 | -6/Hub_04(d) | Non-combat units ordered to evacuate 27986 | -6/Hub_04(d) | Entered Garrison 27987 | -6/Garrison | Loaded intel: 19 machine locations 27988 | -6/Garrison | Expanded RIF knowledge: Signal Jamming 28002 | -6/Garrison | Destroyed 36 combat bots 28004 | -6/Garrison | Triggered checkpoint 28004 | -6/Garrison | Garrison Relay disabled 28080 | -6/Garrison | Reached level 25 28100 | -6/Garrison | Triggered checkpoint 28127 | -6/Garrison | Garrison Relay disabled 28130 | -6/Garrison | Destroyed 19 combat bots 28131 | -6/Garrison | Triggered checkpoint 28147 | -6/Garrison | Discovered exit to Factory (range 9) 28221 | -6/Garrison | Discovered exit to Factory (range 14) 28238 | -6/Garrison | Triggered checkpoint 28249 | -6/Garrison | Garrison Relay disabled 28255 | -6/Garrison | Triggered checkpoint 28259 | -6/Garrison | Build established: Scavenger-Gunner 28298 | -6/Garrison | Triggered checkpoint 28304 | -6/Garrison | Discovered exit to Factory (range 12) 28363 | -6/Garrison | Garrison Relay disabled 28365 | -6/Garrison | Triggered checkpoint 28607 | -6/Garrison | Entered Factory 28608 | -5/Factory | Loaded intel: 273 machine locations 28614 | -5/Factory | Identified exit to Upper Caves 28642 | -5/Factory | Garrison activated, responded to threat 28659 | -5/Factory | Identified exit to Garrison 28695 | -5/Factory | Destroyed 17 combat bots 28830 | -5/Factory | Fabricated C-35 Carver (x3) 28906 | -5/Factory | Fabricated Scatter Rocket Array (x1) 28907 | -5/Factory | First assault squad dispatched 28940 | -5/Factory | Discovered new exit (range 9) 28968 | -5/Factory | Central database locked down 28997 | -5/Factory | Destroyed 10 combat bots 29018 | -5/Factory | Identified exit to Garrison 29033 | -5/Factory | Discovered new exit (range 8) 29054 | -5/Factory | High security lockdown imminent 29117 | -5/Factory | Spotted B-75 Beast 29121 | -5/Factory | Destroyed B-75 Beast 29134 | -5/Factory | High security lockdown engaged 29146 | -5/Factory | Destroyed 11 combat bots 29266 | -5/Factory | Reached level 26 29308 | -5/Factory | Garrison activated, responded to threat 29371 | -5/Factory | Destroyed 34 combat bots 29514 | -5/Factory | Intercept squad dispatched 29529 | -5/Factory | Spotted Tracker 29532 | -5/Factory | Sterilization system engaged 29532 | -5/Factory | Non-combat units ordered to evacuate 29534 | -5/Factory | Destroyed Tracker 29538 | -5/Factory | Spotted Combat Programmer 29539 | -5/Factory | Destroyed Combat Programmer 29564 | -5/Factory | Destroyed 40 combat bots 29603 | -5/Factory | Destroyed 7 combat bots 29632 | -5/Factory | Combat units ordered to evacuate 29832 | -5/Factory | Ambient heat levels rising (+10) 29893 | -5/Factory | Entered Upper Caves 29901 | -5/Upper Caves | Attacked by a delusional Derelict stockpiling parts 29996 | -5/Upper Caves | Learned Factory emergency access door positions 30000 | -5/Upper Caves | Destroyed 8 combat bots 30036 | -5/Upper Caves | Encountered a Warlord checkpoint 30081 | -5/Upper Caves | Learned Factory trap positions 30168 | -5/Upper Caves | Discovered new exit (range 8) 30300 | -5/Upper Caves | Learned Extension garrison access intel 30300 | -5/Upper Caves | Learned Extension emergency access door positions 30300 | -5/Upper Caves | Identified exit to Upper Caves 30300 | -5/Upper Caves | Learned 8 Research zone layouts 30302 | -5/Upper Caves | Attracted the attention of an 0b10 base 30331 | -5/Upper Caves | Destroyed 7 combat bots 30414 | -5/Upper Caves | Entered another Upper Caves area 30415 | -5/Upper Caves | Identified exit to Factory 30531 | -5/Upper Caves | Spotted B-75 Beast 30532 | -5/Upper Caves | Destroyed B-75 Beast 30650 | -5/Upper Caves | Discovered new exit (range 11) 30842 | -5/Upper Caves | Entered Warlord 30870 | -5/Warlord | Discovered new exit (range 8) 30900 | -5/Warlord | RIF detected upon attempting to enter Warlord's base 30900 | -5/Warlord | Attacked by Warlord forces 30904 | -5/Warlord | Spotted 4Q-XQP(B) 30906 | -5/Warlord | Destroyed 4Q-XQP(B) 30907 | -5/Warlord | Spotted FN-C9D(B) 30909 | -5/Warlord | Destroyed FN-C9D(B) 30933 | -5/Warlord | Found Prototype Ballistic Cannon 30933 | -5/Warlord | Identified Hvy. Autocannon 30980 | -5/Warlord | Destroyed 9 combat bots 30995 | -5/Warlord | Found Signal Generator 31051 | -5/Warlord | Spotted 9J-2WD(K) 31053 | -5/Warlord | Warlord's base attacked by MAIN.C 31054 | -5/Warlord | Spotted BM-3TG(K) 31060 | -5/Warlord | Destroyed BM-3TG(K) 31066 | -5/Warlord | Destroyed 9J-2WD(K) 31069 | -5/Warlord | Spotted BM-MEV(g) 31078 | -5/Warlord | Destroyed Warlord 31085 | -5/Warlord | Destroyed Fake God Mode 31089 | -5/Warlord | Destroyed BM-MEV(g) 31103 | -5/Warlord | Opened Warlord's prototype stash 31106 | -5/Warlord | Found Vortex Chain Reactor 31110 | -5/Warlord | Destroyed 16 combat bots 31121 | -5/Warlord | Found Exp. Core Analyzer 31201 | -5/Warlord | Reached level 27 31233 | -5/Warlord | Destroyed 27 combat bots 31260 | -5/Warlord | Warlord forces counterattacked 31317 | -5/Warlord | Destroyed 9 combat bots 31346 | -5/Warlord | Spotted B-86 Titan 31349 | -5/Warlord | Destroyed B-86 Titan 31353 | -5/Warlord | Spotted Striker 31392 | -5/Warlord | Destroyed Striker 31413 | -5/Warlord | Destroyed 13 combat bots 31416 | -5/Warlord | Build established: Hacker-Gunner 31513 | -5/Warlord | Destroyed 12 combat bots 31553 | -5/Warlord | Spotted Striker 31553 | -5/Warlord | Spotted Executioner 31576 | -5/Warlord | Destroyed Striker 31584 | -5/Warlord | Destroyed Executioner 31612 | -5/Warlord | Destroyed 13 combat bots 31664 | -5/Warlord | Spotted Striker 31671 | -5/Warlord | Spotted Striker 31690 | -5/Warlord | Destroyed Striker 31692 | -5/Warlord | Destroyed Striker 31713 | -5/Warlord | Destroyed 10 combat bots 31728 | -5/Warlord | Warlord base infiltrated, sounded retreat 31779 | -5/Warlord | Found Prototype Energy Gun 31779 | -5/Warlord | Identified Vortex Rail 31781 | -5/Warlord | Found Vortex Rail 31798 | -5/Warlord | Spotted Striker 31804 | -5/Warlord | Spotted Executioner 31809 | -5/Warlord | Destroyed Striker 31860 | -5/Warlord | Destroyed 23 combat bots 31874 | -5/Warlord | Spotted Striker 31879 | -5/Warlord | Spotted Executioner 31880 | -5/Warlord | Destroyed Striker 31887 | -5/Warlord | Destroyed Executioner 31909 | -5/Warlord | Destroyed 18 combat bots 31925 | -5/Warlord | Spotted Executioner 31933 | -5/Warlord | Destroyed Executioner 31956 | -5/Warlord | Spotted Striker 31957 | -5/Warlord | Destroyed Striker 31958 | -5/Warlord | Spotted B-86 Titan 31961 | -5/Warlord | Destroyed B-86 Titan 31962 | -5/Warlord | Spotted Executioner 31967 | -5/Warlord | Destroyed Executioner 31978 | -5/Warlord | Spotted Striker 31984 | -5/Warlord | Destroyed Striker 32006 | -5/Warlord | Destroyed 20 combat bots 32081 | -5/Warlord | Spotted Striker 32107 | -5/Warlord | Destroyed Striker 32128 | -5/Warlord | Destroyed 30 combat bots 32153 | -5/Warlord | Spotted Executioner 32157 | -5/Warlord | Destroyed Executioner 32167 | -5/Warlord | Spotted Striker 32174 | -5/Warlord | Destroyed Striker 32199 | -5/Warlord | Build established: Scavenger-Gunner 32200 | -5/Warlord | Destroyed 17 combat bots 32253 | -5/Warlord | Spotted Striker 32253 | -5/Warlord | Spotted Striker 32253 | -5/Warlord | Spotted Executioner 32253 | -5/Warlord | Spotted Executioner 32264 | -5/Warlord | Destroyed Striker 32267 | -5/Warlord | Destroyed Executioner 32267 | -5/Warlord | Destroyed Executioner 32271 | -5/Warlord | Destroyed Striker 32297 | -5/Warlord | Destroyed 21 combat bots 32301 | -5/Warlord | Spotted Striker 32310 | -5/Warlord | Destroyed Striker 32315 | -5/Warlord | Spotted Executioner 32320 | -5/Warlord | Destroyed Executioner 32341 | -5/Warlord | Destroyed 11 combat bots 32363 | -5/Warlord | Spotted Striker 32371 | -5/Warlord | Destroyed Striker 32392 | -5/Warlord | Destroyed 16 combat bots 32453 | -5/Warlord | Spotted Striker 32455 | -5/Warlord | Spotted B-86 Titan 32455 | -5/Warlord | Spotted Executioner 32456 | -5/Warlord | Spotted B-75 Beast 32456 | -5/Warlord | Spotted Executioner 32456 | -5/Warlord | Destroyed B-86 Titan 32460 | -5/Warlord | Destroyed Executioner 32460 | -5/Warlord | Destroyed Striker 32466 | -5/Warlord | Destroyed B-75 Beast 32487 | -5/Warlord | Destroyed 16 combat bots 32488 | -5/Warlord | Spotted Striker 32492 | -5/Warlord | Destroyed Striker 32500 | -5/Warlord | Spotted Executioner 32510 | -5/Warlord | Destroyed Executioner 32555 | -5/Warlord | Spotted Striker 32560 | -5/Warlord | Destroyed Striker 32567 | -5/Warlord | Spotted Executioner 32570 | -5/Warlord | Destroyed Executioner 32598 | -5/Warlord | Destroyed 33 combat bots 32646 | -5/Warlord | Spotted Executioner 32648 | -5/Warlord | Destroyed Executioner 32759 | -5/Warlord | Learned 4 Testing zone layouts 32759 | -5/Warlord | Learned 4 Command zone layouts 32759 | -5/Warlord | Learned Factory repair station intel 32759 | -5/Warlord | Learned Factory scanalyzer intel 32759 | -5/Warlord | Learned Factory garrison access intel 32759 | -5/Warlord | Learned Research repair station intel 32759 | -5/Warlord | Learned Research scanalyzer intel 33013 | -5/Warlord | Entered Proximity Caves 33041 | -4/Proximity Caves | Attracted the attention of an 0b10 base 33079 | -4/Proximity Caves | Destroyed 12 combat bots 33082 | -4/Proximity Caves | Learned location of 1 exit from Factory 33082 | -4/Proximity Caves | Learned Extension trap positions 33418 | -4/Proximity Caves | Learned Research stockpile data 33486 | -4/Proximity Caves | Entered Factory 33487 | -4/Factory | Identified exit to Research 33488 | -4/Factory | Identified exit to Upper Caves 33488 | -4/Factory | Reached level 28 33489 | -4/Factory | Loaded intel: 75 trap records 33491 | -4/Factory | Loaded intel: 279 machine locations 33492 | -4/Factory | Loaded intel: 6 repair station locations 33493 | -4/Factory | Loaded intel: 4 scanalyzer locations 33494 | -4/Factory | Loaded intel: 4 garrison access locations 33506 | -4/Factory | Identified exit to Garrison 33598 | -4/Factory | Repaired Broken Adv. Weapon Cycler 33691 | -4/Factory | Destroyed 14 combat bots 33707 | -4/Factory | Garrison activated, responded to threat 33779 | -4/Factory | Spotted B-86 Titan 33804 | -4/Factory | Destroyed 11 combat bots 33874 | -4/Factory | Fabricated Adv. Surge Thruster (x2) 33966 | -4/Factory | Discovered exit to Research (range 10) 33986 | -4/Factory | First assault squad dispatched 33998 | -4/Factory | Discovered exit to Research (range 11) 34013 | -4/Factory | Intercept squad dispatched 34019 | -4/Factory | Spotted Tracker 34023 | -4/Factory | Destroyed Tracker 34085 | -4/Factory | Spotted Combat Programmer 34087 | -4/Factory | Destroyed Combat Programmer 34112 | -4/Factory | Destroyed 7 combat bots 34118 | -4/Factory | Spotted B-86 Titan 34168 | -4/Factory | High security lockdown imminent 34203 | -4/Factory | Reached level 29 34207 | -4/Factory | Destroyed 11 combat bots 34248 | -4/Factory | High security lockdown engaged 34377 | -4/Factory | Intercept squad dispatched 34378 | -4/Factory | Spotted Tracker 34379 | -4/Factory | Spotted Tracker 34381 | -4/Factory | Destroyed Tracker 34385 | -4/Factory | Destroyed Tracker 34418 | -4/Factory | Spotted Combat Programmer 34420 | -4/Factory | Destroyed Combat Programmer 34434 | -4/Factory | Spotted Combat Programmer 34437 | -4/Factory | Destroyed Combat Programmer 34493 | -4/Factory | Destroyed 34 combat bots 34512 | -4/Factory | Discovered new exit (range 11) 34536 | -4/Factory | Destroyed B-86 Titan 34573 | -4/Factory | Destroyed 14 combat bots 34626 | -4/Factory | Sterilization system engaged 34626 | -4/Factory | Non-combat units ordered to evacuate 34641 | -4/Factory | Destroyed 10 combat bots 34715 | -4/Factory | Destroyed 22 combat bots 34719 | -4/Factory | Build established: Scavenger-Sprinter 34726 | -4/Factory | Combat units ordered to evacuate 34837 | -4/Factory | Destroyed B-86 Titan 34874 | -4/Factory | Discovered exit to Upper Caves (range 17) 34926 | -4/Factory | Ambient heat levels rising (+10) 34942 | -4/Factory | Entered Armory 34943 | -4/Armory | Loaded intel: 79 machine locations 35040 | -4/Armory | Central database locked down 35041 | -4/Armory | High security lockdown imminent 35089 | -4/Armory | Reached level 30 35121 | -4/Armory | High security lockdown engaged 35145 | -4/Armory | Destroyed 38 combat bots 35184 | -4/Armory | Energy Cycler disabled 35229 | -4/Armory | Intercept squad dispatched 35250 | -4/Armory | Spotted Tracker 35252 | -4/Armory | Destroyed Tracker 35256 | -4/Armory | Spotted Combat Programmer 35261 | -4/Armory | Destroyed Combat Programmer 35420 | -4/Armory | Destroyed 55 combat bots 35479 | -4/Armory | Destroyed 15 combat bots 35488 | -4/Armory | Sterilization system engaged 35488 | -4/Armory | Non-combat units ordered to evacuate 35548 | -4/Armory | Spotted B-86 Titan 35553 | -4/Armory | Destroyed 18 combat bots 35553 | -4/Armory | Destroyed B-86 Titan 35588 | -4/Armory | Combat units ordered to evacuate 35788 | -4/Armory | Ambient heat levels rising (+10) 35817 | -4/Armory | Discovered new exit (range 6) 35824 | -4/Armory | Entered Lab 35824 | -4/Lab | Discovered exit to Research (range 9) 35827 | -4/Lab | Hidden lab's door opened automatically 35827 | -4/Lab | Sensor layout match revealed 35828 | -4/Lab | Gained access to the hidden lab's interior 35861 | -4/Lab | Found Prototype Protection 35861 | -4/Lab | Identified Exp. Powered Armor 35864 | -4/Lab | Found Prototype Energy Cannon 35864 | -4/Lab | Identified Potential Cannon 35866 | -4/Lab | Found Prototype Energy Gun 35866 | -4/Lab | Identified Tachyon Dispersion Ray 35878 | -4/Lab | Found Alien Artifact 35878 | -4/Lab | Identified Core Expander 35878 | -4/Lab | Installed Core Expander, added new Weapon slot 35883 | -4/Lab | Found Alien Artifact 35883 | -4/Lab | Identified Integrated Dissipator 35883 | -4/Lab | Installed Integrated Dissipator, increased core heat dissipation (+20) 35886 | -4/Lab | Found Alien Artifact 35886 | -4/Lab | Identified Transdimensional Reconstructor 35886 | -4/Lab | Warped through subspace 35890 | -4/Lab | Detected by scanners 35899 | -4/Lab | Confronted by A5 35938 | -4/Lab | Disabled Active System Cloaker 35963 | -4/Lab | MAIN.C forces arrive to investigate 35983 | -4/Lab | Destroyed A5 36058 | -4/Lab | Found Prototype Hackware 36058 | -4/Lab | Identified Quantum Router 36074 | -4/Lab | Decrypted terminal 36074 | -4/Lab | Acquired modification code for an L2 power cell 36134 | -4/Lab | Entered Research 36135 | -3/Research | Identified exit to Quarantine 36136 | -3/Research | Identified exit to Research 36138 | -3/Research | Loaded intel: 107 machine locations 36139 | -3/Research | Loaded intel: 4 repair station locations 36140 | -3/Research | Loaded intel: 6 scanalyzer locations 36281 | -3/Research | Discovered exit to Research (range 10) 36325 | -3/Research | Discovered exit to Research (range 19) 36341 | -3/Research | Build established: Scavenger-Mutant 36472 | -3/Research | Spotted B-86 Titan 36480 | -3/Research | Destroyed B-86 Titan 36719 | -3/Research | Intercept squad dispatched 36736 | -3/Research | Spotted Tracker 36737 | -3/Research | Reached level 31 36737 | -3/Research | Destroyed Tracker 36799 | -3/Research | Spotted Combat Programmer 36803 | -3/Research | Destroyed Combat Programmer 36830 | -3/Research | Fabricated Adv. Kinecellerator? 37159 | -3/Research | First assault squad dispatched 37166 | -3/Research | Destroyed 23 combat bots 37175 | -3/Research | Intercept squad dispatched 37199 | -3/Research | Spotted Tracker 37201 | -3/Research | Spotted Tracker 37202 | -3/Research | Destroyed Tracker 37204 | -3/Research | Destroyed Tracker 37219 | -3/Research | Spotted Combat Programmer 37220 | -3/Research | Destroyed Combat Programmer 37286 | -3/Research | Spotted Combat Programmer 37298 | -3/Research | Destroyed Combat Programmer 37304 | -3/Research | Intercept squad dispatched 37322 | -3/Research | Spotted Tracker 37324 | -3/Research | Destroyed Tracker 37367 | -3/Research | Destroyed 23 combat bots 37403 | -3/Research | Spotted Combat Programmer 37405 | -3/Research | Destroyed Combat Programmer 37451 | -3/Research | Spotted Striker 37451 | -3/Research | Spotted Striker 37452 | -3/Research | Cargo convoy interrupted 37454 | -3/Research | Spotted Executioner 37456 | -3/Research | Spotted B-86 Titan 37457 | -3/Research | Garrison activated, responded to threat 37462 | -3/Research | Destroyed B-86 Titan 37470 | -3/Research | Destroyed Striker 37474 | -3/Research | Destroyed Striker 37482 | -3/Research | Destroyed Executioner 37516 | -3/Research | Destroyed 22 combat bots 37700 | -3/Research | Build established: Scavenger-Sprinter 38587 | -3/Research | Sterilization system engaged 38587 | -3/Research | Non-combat units ordered to evacuate 38687 | -3/Research | Combat units ordered to evacuate 38879 | -3/Research | Spotted B-90 Cyclops 38883 | -3/Research | Reached level 32 38883 | -3/Research | Destroyed B-90 Cyclops 38887 | -3/Research | Ambient heat levels rising (+10) 39037 | -3/Research | Ambient heat levels rising (+10) 39084 | -3/Research | Crushed by falling debris 39187 | -3/Research | Ambient heat levels rising (+10) 39200 | -3/Research | Entered Quarantine 39201 | -3/Quarantine | Loaded intel: 51 machine locations 39322 | -3/Quarantine | Identified exit to Garrison 39323 | -3/Quarantine | Destroyed 7 combat bots 39399 | -3/Quarantine | Discovered exit to Research (range 20) 39408 | -3/Quarantine | High security lockdown imminent 39416 | -3/Quarantine | Found Alien Artifact 39464 | -3/Quarantine | Cryocooling Duct disabled 39479 | -3/Quarantine | Ambient heat levels rising (+20) 39488 | -3/Quarantine | High security lockdown engaged 39532 | -3/Quarantine | Intercept squad dispatched 39539 | -3/Quarantine | Spotted Tracker 39539 | -3/Quarantine | Spotted Tracker 39542 | -3/Quarantine | Destroyed Tracker 39549 | -3/Quarantine | Destroyed Tracker 39553 | -3/Quarantine | Spotted Combat Programmer 39554 | -3/Quarantine | Spotted Combat Programmer 39557 | -3/Quarantine | Destroyed Combat Programmer 39567 | -3/Quarantine | Destroyed Combat Programmer 39600 | -3/Quarantine | Destroyed 26 combat bots 39607 | -3/Quarantine | Found Alien Impact Weapon 39607 | -3/Quarantine | Identified Core Stripper 39638 | -3/Quarantine | Spotted Investigator 39639 | -3/Quarantine | Scanned by Researcher 39640 | -3/Quarantine | Destroyed Investigator 39716 | -3/Quarantine | Found Prototype Launcher 39716 | -3/Quarantine | Identified Containment Facilitator 39728 | -3/Quarantine | Destroyed 20 combat bots 39801 | -3/Quarantine | Spotted Striker 39807 | -3/Quarantine | Destroyed Striker 39809 | -3/Quarantine | Spotted Executioner 39812 | -3/Quarantine | Destroyed Executioner 39831 | -3/Quarantine | Found Alien Artifact 39831 | -3/Quarantine | Identified Dimensional Node Initializer 39831 | -3/Quarantine | Initialized slip node 39833 | -3/Quarantine | Found Dimensional Node Initializer 39833 | -3/Quarantine | Initialized slip node 39835 | -3/Quarantine | Found Dimensional Node Initializer 39835 | -3/Quarantine | Initialized slip node 39836 | -3/Quarantine | Destroyed 28 combat bots 39838 | -3/Quarantine | Found Transdimensional Reconstructor 39838 | -3/Quarantine | Warped through subspace to slip node 39841 | -3/Quarantine | Found Transdimensional Reconstructor 39841 | -3/Quarantine | Warped through subspace to slip node 39845 | -3/Quarantine | Found Alien Artifact 39845 | -3/Quarantine | Identified Hpw. Transdimensional Reconstructor 39845 | -3/Quarantine | Warped through subspace to slip node 39848 | -3/Quarantine | Found Transdimensional Reconstructor 39848 | -3/Quarantine | Warped through subspace to slip node 39974 | -3/Quarantine | Intercept squad dispatched 39980 | -3/Quarantine | Spotted Tracker 39980 | -3/Quarantine | Spotted Tracker 39985 | -3/Quarantine | Spotted Executioner 39986 | -3/Quarantine | Destroyed Tracker 39987 | -3/Quarantine | Destroyed Tracker 39989 | -3/Quarantine | Spotted Executioner 39995 | -3/Quarantine | Destroyed Executioner 39996 | -3/Quarantine | Spotted Executioner 39997 | -3/Quarantine | Spotted Combat Programmer 39997 | -3/Quarantine | Destroyed Executioner 40006 | -3/Quarantine | Destroyed Combat Programmer 40007 | -3/Quarantine | Destroyed Executioner 40008 | -3/Quarantine | Spotted Striker 40008 | -3/Quarantine | Spotted Executioner 40011 | -3/Quarantine | Core integrity fell below 50% 40011 | -3/Quarantine | Destroyed Executioner 40019 | -3/Quarantine | Destroyed Striker 40023 | -3/Quarantine | Spotted Combat Programmer 40027 | -3/Quarantine | Destroyed Combat Programmer 40048 | -3/Quarantine | Destroyed 34 combat bots 40060 | -3/Quarantine | Build established: Scavenger-Gunner 40224 | -3/Quarantine | Spotted Executioner 40232 | -3/Quarantine | Spotted Striker 40233 | -3/Quarantine | Spotted Striker 40242 | -3/Quarantine | Garrison activated, responded to threat 40244 | -3/Quarantine | Destroyed Striker 40250 | -3/Quarantine | Destroyed Striker 40260 | -3/Quarantine | Sterilization system engaged 40260 | -3/Quarantine | Non-combat units ordered to evacuate 40284 | -3/Quarantine | Destroyed Executioner 40325 | -3/Quarantine | Destroyed 38 combat bots 40360 | -3/Quarantine | Combat units ordered to evacuate 40386 | -3/Quarantine | Entered Garrison 40387 | -3/Garrison | Loaded intel: 19 machine locations 40388 | -3/Garrison | Reached level 33 40396 | -3/Garrison | Triggered checkpoint 40470 | -3/Garrison | Garrison Relay disabled 40497 | -3/Garrison | Spotted B-86 Titan 40505 | -3/Garrison | Destroyed B-86 Titan 40521 | -3/Garrison | Triggered checkpoint 40547 | -3/Garrison | Destroyed 18 combat bots 40556 | -3/Garrison | Discovered exit to Research (range 12) 40565 | -3/Garrison | Garrison Relay disabled 40568 | -3/Garrison | Triggered checkpoint 40615 | -3/Garrison | Expanded RIF knowledge: Structural Interface 40704 | -3/Garrison | Triggered checkpoint 40733 | -3/Garrison | Garrison Relay disabled 40737 | -3/Garrison | Triggered checkpoint 40748 | -3/Garrison | Discovered exit to Research (range 12) 40793 | -3/Garrison | Spotted B-86 Titan 40793 | -3/Garrison | Spotted B-86 Titan 40811 | -3/Garrison | Triggered checkpoint 40819 | -3/Garrison | Triggered checkpoint 40832 | -3/Garrison | Discovered exit to Research (range 7) 40858 | -3/Garrison | Garrison Relay disabled 40864 | -3/Garrison | Garrison Relay disabled 40872 | -3/Garrison | Destroyed 8 combat bots 40899 | -3/Garrison | Destroyed B-86 Titan 40901 | -3/Garrison | Destroyed B-86 Titan 40977 | -3/Garrison | Upgraded with Utility slot (x1) 40977 | -3/Garrison | Found Quantum Capacitor 41002 | -3/Garrison | Entered Research 41003 | -2/Research | Loaded intel: 111 machine locations 41033 | -2/Research | Identified Core Reset Matrix 41057 | -2/Research | Identified exit to Testing 41061 | -2/Research | Spotted B-90 Cyclops 41066 | -2/Research | Destroyed B-90 Cyclops 41209 | -2/Research | Destroyed 10 combat bots 41252 | -2/Research | First assault squad dispatched 41291 | -2/Research | Intercept squad dispatched 41302 | -2/Research | Central database locked down 41316 | -2/Research | Spotted Tracker 41317 | -2/Research | Spotted Tracker 41325 | -2/Research | Destroyed Tracker 41328 | -2/Research | Fabricated Adv. Particle Accelerator? 41329 | -2/Research | Destroyed Tracker 41339 | -2/Research | Spotted Combat Programmer 41342 | -2/Research | Destroyed Combat Programmer 41352 | -2/Research | Spotted Combat Programmer 41355 | -2/Research | Destroyed Combat Programmer 41470 | -2/Research | Reached level 34 41495 | -2/Research | Fabricated Adv. Particle Accelerator? 41527 | -2/Research | Destroyed 23 combat bots 41554 | -2/Research | Upgraded with Propulsion slot (x1) 41624 | -2/Research | Destroyed 13 combat bots 41655 | -2/Research | Fabricated Cld. Q-thruster? 41705 | -2/Research | Fabricated Cld. Q-thruster? 41749 | -2/Research | Intercept squad dispatched 41751 | -2/Research | Spotted Tracker 41752 | -2/Research | Spotted Tracker 41759 | -2/Research | Destroyed Tracker 41763 | -2/Research | Destroyed Tracker 41771 | -2/Research | Spotted Combat Programmer 41771 | -2/Research | Garrison activated, responded to threat 41772 | -2/Research | Spotted Combat Programmer 41772 | -2/Research | Destroyed Combat Programmer 41776 | -2/Research | Destroyed Combat Programmer 41825 | -2/Research | Destroyed 11 combat bots 41908 | -2/Research | Destroyed 8 combat bots 42135 | -2/Research | Build established: Scavenger-Sprinter 42140 | -2/Research | Destroyed 9 combat bots 42309 | -2/Research | High security lockdown imminent 42324 | -2/Research | Sterilization system engaged 42324 | -2/Research | Non-combat units ordered to evacuate 42331 | -2/Research | Destroyed 13 combat bots 42424 | -2/Research | Combat units ordered to evacuate 42556 | -2/Research | Discovered new exit (range 3) 42611 | -2/Research | Reached level 35 42624 | -2/Research | Ambient heat levels rising (+10) 42774 | -2/Research | Ambient heat levels rising (+10) 42896 | -2/Research | Discovered new exit (range 14) 42908 | -2/Research | Spotted B-90 Cyclops 42910 | -2/Research | Destroyed B-90 Cyclops 42924 | -2/Research | Ambient heat levels rising (+10) 42942 | -2/Research | Found Faulty Beam Splitter 42944 | -2/Research | Entered Testing 42946 | -2/Testing | Loaded intel: 69 machine locations 43010 | -2/Testing | Spotted PL-YYKD34I4B7 43016 | -2/Testing | Rewired PL-YYKD34I4B7 43091 | -2/Testing | Fabricated Prc. Energy Filter? 43148 | -2/Testing | Found Prototype Protection 43148 | -2/Testing | Identified SHELL Armor 43159 | -2/Testing | Fabricated Exp. Transmission Jammer? 43229 | -2/Testing | Intercept squad dispatched 43238 | -2/Testing | Spotted Tracker 43238 | -2/Testing | Spotted Tracker 43240 | -2/Testing | Spotted Combat Programmer 43241 | -2/Testing | First assault squad dispatched 43243 | -2/Testing | Spotted Combat Programmer 43244 | -2/Testing | Garrison activated, responded to threat 43245 | -2/Testing | Destroyed Tracker 43246 | -2/Testing | Destroyed Tracker 43256 | -2/Testing | Destroyed Combat Programmer 43316 | -2/Testing | Discovered new exit (range 18) 43348 | -2/Testing | Destroyed Combat Programmer 43381 | -2/Testing | Found Prototype Ballistic Cannon 43381 | -2/Testing | Identified Omega Cannon 43395 | -2/Testing | Protovariant out of control (PX-YZCIXWY8FZ) 43395 | -2/Testing | Unleashed a protovariant (PX-YZCIXWY8FZ) 43397 | -2/Testing | Intercept squad dispatched 43400 | -2/Testing | Spotted Tracker 43402 | -2/Testing | Spotted Tracker 43404 | -2/Testing | Destroyed Tracker 43407 | -2/Testing | Spotted Combat Programmer 43413 | -2/Testing | Destroyed Combat Programmer 43413 | -2/Testing | Spotted Combat Programmer 43416 | -2/Testing | Destroyed Combat Programmer 43420 | -2/Testing | Spotted Investigator 43421 | -2/Testing | Destroyed Investigator 43430 | -2/Testing | High security lockdown imminent 43451 | -2/Testing | Destroyed 11 combat bots 43466 | -2/Testing | Destroyed Tracker 43493 | -2/Testing | Found Prototype Device 43493 | -2/Testing | Identified Exp. Hardlight Generator 43510 | -2/Testing | High security lockdown engaged 43538 | -2/Testing | Found Prototype Leg 43538 | -2/Testing | Identified Myomer Exoskeleton 43549 | -2/Testing | Found Prototype Energy Cannon 43549 | -2/Testing | Identified Imp. Potential Cannon 43557 | -2/Testing | Spotted Striker 43557 | -2/Testing | Spotted Striker 43621 | -2/Testing | Destroyed 27 combat bots 43647 | -2/Testing | Spotted Executioner 43647 | -2/Testing | Spotted Executioner 43652 | -2/Testing | Destroyed Executioner 43653 | -2/Testing | Destroyed Executioner 43682 | -2/Testing | Destroyed 14 combat bots 43733 | -2/Testing | Destroyed Striker 43733 | -2/Testing | Spotted Alpha 7 43735 | -2/Testing | Destroyed Striker 43742 | -2/Testing | Destroyed Alpha 7 43756 | -2/Testing | Found Prototype Ballistic Gun 43756 | -2/Testing | Identified Multirail 43841 | -2/Testing | Spotted Striker 43844 | -2/Testing | Destroyed Striker 43844 | -2/Testing | Spotted Striker 43848 | -2/Testing | Destroyed Striker 43900 | -2/Testing | Destroyed 26 combat bots 44023 | -2/Testing | Spotted Striker 44025 | -2/Testing | Destroyed Striker 44040 | -2/Testing | Spotted Executioner 44041 | -2/Testing | Spotted Executioner 44043 | -2/Testing | Destroyed Executioner 44043 | -2/Testing | Destroyed Executioner 44047 | -2/Testing | Reached level 36 44063 | -2/Testing | Sterilization system engaged 44063 | -2/Testing | Non-combat units ordered to evacuate 44071 | -2/Testing | Spotted Striker 44073 | -2/Testing | Destroyed Striker 44132 | -2/Testing | Destroyed 28 combat bots 44163 | -2/Testing | Combat units ordered to evacuate 44277 | -2/Testing | Found Exp. Transmission Jammer 44280 | -2/Testing | Found Point Singularity Launcher 44363 | -2/Testing | Ambient heat levels rising (+10) 44374 | -2/Testing | Spotted Fortress 44391 | -2/Testing | Discovered new exit (range 6) 44392 | -2/Testing | Entered Section 7 44393 | -2/Section 7 | Loaded intel: 152 machine locations 44401 | -2/Section 7 | Identified exit to Garrison 44407 | -2/Section 7 | Spotted S7 Guard 44410 | -2/Section 7 | Spotted S7 Guard 44411 | -2/Section 7 | Destroyed S7 Guard 44413 | -2/Section 7 | Found Alien Artifact 44433 | -2/Section 7 | Identified Core Regenerator 44447 | -2/Section 7 | Found Alien Artifact 44461 | -2/Section 7 | Identified Core Physics Calibrator 44474 | -2/Section 7 | Found Alien Artifact 44474 | -2/Section 7 | Identified Integrity Redistributor 44474 | -2/Section 7 | Used Integrity Redistributor, redistributed integrity from core (-7) 44520 | -2/Section 7 | Identified exit to Access 44536 | -2/Section 7 | Found Alien Artifact 44536 | -2/Section 7 | Identified Integrated Reactor 44536 | -2/Section 7 | Installed Integrated Reactor, increased core energy generation (+10) 44546 | -2/Section 7 | Destroyed 9 combat bots 44547 | -2/Section 7 | Found Alien Artifact 44547 | -2/Section 7 | Identified Microwarp Drive 44564 | -2/Section 7 | Found Alien Artifact 44564 | -2/Section 7 | Identified Integrated Mediator 44564 | -2/Section 7 | Installed Integrated Mediator, increased core attachment efficiency. 44578 | -2/Section 7 | Spotted S7 Guard 44582 | -2/Section 7 | Destroyed S7 Guard 44585 | -2/Section 7 | Found Alien Energy Cannon 44585 | -2/Section 7 | Identified Sigix Shearcannon 44598 | -2/Section 7 | Spotted Executioner 44598 | -2/Section 7 | Spotted Executioner 44602 | -2/Section 7 | High security lockdown imminent 44602 | -2/Section 7 | Destroyed Executioner 44603 | -2/Section 7 | Destroyed Executioner 44612 | -2/Section 7 | Found Alien Artifact 44612 | -2/Section 7 | Identified Terrabomb 44612 | -2/Section 7 | Used Terrabomb 44626 | -2/Section 7 | Modified the L2 Power Cell with code from the hidden lab 44647 | -2/Section 7 | Spotted B-99 Colossus 44651 | -2/Section 7 | Intercept squad dispatched 44666 | -2/Section 7 | Found Alien Artifact 44666 | -2/Section 7 | Identified LRC Boosters 44666 | -2/Section 7 | Installed LRC Boosters, increased mass support (+10) 44667 | -2/Section 7 | Found Alien Artifact 44667 | -2/Section 7 | Identified LRC Storage 44667 | -2/Section 7 | Installed LRC Storage, increased inventory capacity (+2) 44671 | -2/Section 7 | Spotted Tracker 44671 | -2/Section 7 | Spotted Tracker 44672 | -2/Section 7 | Destroyed Tracker 44673 | -2/Section 7 | Destroyed Tracker 44682 | -2/Section 7 | High security lockdown engaged 44701 | -2/Section 7 | Spotted Combat Programmer 44702 | -2/Section 7 | Spotted Combat Programmer 44706 | -2/Section 7 | Destroyed Combat Programmer 44708 | -2/Section 7 | Destroyed Combat Programmer 44749 | -2/Section 7 | Destroyed 14 combat bots 44758 | -2/Section 7 | Destroyed Striker 44807 | -2/Section 7 | Found Alien Energy Gun 44807 | -2/Section 7 | Identified Sigix Sheargun 44816 | -2/Section 7 | Spotted Striker 44816 | -2/Section 7 | Spotted Striker 44820 | -2/Section 7 | Destroyed Striker 44822 | -2/Section 7 | Destroyed Striker 44832 | -2/Section 7 | Spotted Striker 44835 | -2/Section 7 | Destroyed Striker 44835 | -2/Section 7 | Spotted Striker 44838 | -2/Section 7 | Destroyed Striker 44926 | -2/Section 7 | Destroyed 11 combat bots 44939 | -2/Section 7 | Spotted Investigator 44940 | -2/Section 7 | Destroyed Investigator 45072 | -2/Section 7 | Build established: Hauler-Sprinter 45073 | -2/Section 7 | Spotted Investigator 45074 | -2/Section 7 | Scanned by Researcher 45075 | -2/Section 7 | Destroyed Investigator 45082 | -2/Section 7 | Spotted Executioner 45083 | -2/Section 7 | Destroyed Executioner 45103 | -2/Section 7 | Found Sigix Sheargun 45104 | -2/Section 7 | Found Sigix Sheargun 45115 | -2/Section 7 | Destroyed 22 combat bots 45259 | -2/Section 7 | Spotted Executioner 45261 | -2/Section 7 | Destroyed Executioner 45261 | -2/Section 7 | Destroyed Executioner 45285 | -2/Section 7 | Destroyed Executioner 45310 | -2/Section 7 | Destroyed 19 combat bots 45515 | -2/Section 7 | Destroyed Executioner 45538 | -2/Section 7 | Spotted Executioner 45541 | -2/Section 7 | Destroyed Executioner 45544 | -2/Section 7 | Spotted Investigator 45545 | -2/Section 7 | Destroyed Investigator 45551 | -2/Section 7 | Spotted Striker 45557 | -2/Section 7 | Destroyed Striker 45572 | -2/Section 7 | Sterilization system engaged 45572 | -2/Section 7 | Non-combat units ordered to evacuate 45579 | -2/Section 7 | Destroyed 35 combat bots 45597 | -2/Section 7 | Found Alien Reactor 45597 | -2/Section 7 | Identified Matter Drive 45604 | -2/Section 7 | Found Alien Energy Cannon 45604 | -2/Section 7 | Identified Drained L-Cannon 45611 | -2/Section 7 | Found Transdimensional Reconstructor 45611 | -2/Section 7 | Warped through subspace 45617 | -2/Section 7 | Found Terrabomb 45617 | -2/Section 7 | Used Terrabomb 45621 | -2/Section 7 | Found Hpw. Transdimensional Reconstructor 45621 | -2/Section 7 | Warped through subspace 45650 | -2/Section 7 | Found Transdimensional Reconstructor 45672 | -2/Section 7 | Combat units ordered to evacuate 45680 | -2/Section 7 | Found Core Expander 45680 | -2/Section 7 | Installed Core Expander, added new Utility slot 45682 | -2/Section 7 | Found Core Expander 45682 | -2/Section 7 | Installed Core Expander, added new Propulsion slot 45684 | -2/Section 7 | Found Core Expander 45696 | -2/Section 7 | Destroyed B-99 Colossus 45751 | -2/Section 7 | Found Corrupted Exp. Core Analyzer 45775 | -2/Section 7 | Destroyed S7 Guard 45777 | -2/Section 7 | Entered Garrison 45778 | -2/Garrison | Loaded intel: 19 machine locations 45779 | -2/Garrison | Expanded RIF knowledge: Hotswap 45864 | -2/Garrison | Triggered checkpoint 45896 | -2/Garrison | Garrison Relay disabled 45898 | -2/Garrison | Triggered checkpoint 45918 | -2/Garrison | Spotted B-90 Cyclops 45926 | -2/Garrison | Destroyed B-90 Cyclops 45935 | -2/Garrison | Triggered checkpoint 45938 | -2/Garrison | Triggered checkpoint 45995 | -2/Garrison | Destroyed 19 combat bots 46016 | -2/Garrison | Triggered checkpoint 46036 | -2/Garrison | Triggered checkpoint 46049 | -2/Garrison | Garrison Relay disabled 46055 | -2/Garrison | Build established: Scavenger-Sprinter 46055 | -2/Garrison | Discovered exit to Access (range 12) 46061 | -2/Garrison | Destroyed 9 combat bots 46068 | -2/Garrison | Triggered checkpoint 46091 | -2/Garrison | Discovered exit to Access (range 7) 46104 | -2/Garrison | Triggered checkpoint 46133 | -2/Garrison | Garrison Relay disabled 46175 | -2/Garrison | Triggered checkpoint 46206 | -2/Garrison | Garrison Relay disabled 46235 | -2/Garrison | Discovered exit to Access (range 9) 46552 | -2/Garrison | Entered Access 46553 | -1/Access | Loaded intel: 119 machine locations 46641 | -1/Access | Reached level 37 46653 | -1/Access | Fabricated Exp. Power Amplifier? 46684 | -1/Access | Spotted B-99 Colossus 46688 | -1/Access | High security lockdown imminent 46698 | -1/Access | Spotted B-99 Colossus 46704 | -1/Access | Identified exit to Garrison 46714 | -1/Access | Spotted B-99 Colossus 46735 | -1/Access | Identified exit to Garrison 46738 | -1/Access | Intercept squad dispatched 46738 | -1/Access | Spotted Tracker 46739 | -1/Access | Spotted Tracker 46741 | -1/Access | Destroyed Tracker 46741 | -1/Access | Destroyed Tracker 46768 | -1/Access | High security lockdown engaged 46773 | -1/Access | Fabricated Cld. Q-thruster? 46782 | -1/Access | Spotted Combat Programmer 46784 | -1/Access | Destroyed Combat Programmer 46791 | -1/Access | Fabricated Exp. Shield Generator? 46832 | -1/Access | Spotted Combat Programmer 46833 | -1/Access | Destroyed 22 combat bots 46836 | -1/Access | Garrison activated, responded to threat 46837 | -1/Access | Destroyed Combat Programmer 46900 | -1/Access | Spotted Investigator 46903 | -1/Access | Destroyed Investigator 46936 | -1/Access | Destroyed B-99 Colossus 46983 | -1/Access | Destroyed 35 combat bots 46988 | -1/Access | Intercept squad dispatched 47012 | -1/Access | Spotted Tracker 47012 | -1/Access | Spotted Tracker 47013 | -1/Access | Destroyed Tracker 47013 | -1/Access | Destroyed Tracker 47022 | -1/Access | Spotted Combat Programmer 47024 | -1/Access | Destroyed Combat Programmer 47055 | -1/Access | Spotted Combat Programmer 47055 | -1/Access | Destroyed Combat Programmer 47076 | -1/Access | Destroyed 19 combat bots 47122 | -1/Access | Reached level 38 47133 | -1/Access | Build established: Hauler-Sprinter 47149 | -1/Access | Destroyed 23 combat bots 47165 | -1/Access | Destroyed Striker 47196 | -1/Access | Destroyed 11 combat bots 47216 | -1/Access | Energy Cycler disabled 47224 | -1/Access | Destroyed B-99 Colossus 47279 | -1/Access | Intercept squad dispatched 47288 | -1/Access | Spotted Tracker 47288 | -1/Access | Spotted Tracker 47288 | -1/Access | Destroyed Tracker 47289 | -1/Access | Spotted Tracker 47289 | -1/Access | Destroyed Tracker 47306 | -1/Access | Destroyed Tracker 47312 | -1/Access | Sterilization system engaged 47312 | -1/Access | Spotted Combat Programmer 47316 | -1/Access | Destroyed Combat Programmer 47318 | -1/Access | Spotted Striker 47319 | -1/Access | Spotted Striker 47320 | -1/Access | Spotted Executioner 47322 | -1/Access | Destroyed Investigator 47322 | -1/Access | Destroyed Executioner 47322 | -1/Access | Destroyed Striker 47322 | -1/Access | Destroyed Striker 47323 | -1/Access | Spotted Combat Programmer 47326 | -1/Access | Destroyed Combat Programmer 47329 | -1/Access | Spotted Combat Programmer 47343 | -1/Access | Core integrity fell below 50% 47343 | -1/Access | Destroyed Combat Programmer 47373 | -1/Access | Spotted Striker 47378 | -1/Access | Destroyed Striker 47412 | -1/Access | Destroyed 47 combat bots 47445 | -1/Access | Discovered new exit (range 7) 47451 | -1/Access | Spotted B-99 Colossus 47455 | -1/Access | Spotted B-99 Colossus 47459 | -1/Access | Destroyed B-99 Colossus 47476 | -1/Access | Destroyed B-99 Colossus 47509 | -1/Access | Spotted B-99 Colossus 47509 | -1/Access | Spotted B-99 Colossus 47519 | -1/Access | Destroyed B-99 Colossus 47528 | -1/Access | Destroyed B-99 Colossus 47562 | -1/Access | Destroyed 8 combat bots 47612 | -1/Access | Ambient heat levels rising (+10) 47618 | -1/Access | Entered Garrison 47619 | -1/Garrison | Loaded intel: 23 machine locations 47620 | -1/Garrison | Expanded RIF knowledge: Zone Cloak 47624 | -1/Garrison | Triggered checkpoint 47643 | -1/Garrison | Garrison Relay disabled 47650 | -1/Garrison | Destroyed 11 combat bots 47659 | -1/Garrison | Spotted B-99 Colossus 47660 | -1/Garrison | Triggered checkpoint 47661 | -1/Garrison | Triggered checkpoint 47669 | -1/Garrison | Destroyed B-99 Colossus 47707 | -1/Garrison | Garrison Relay disabled 47710 | -1/Garrison | Triggered checkpoint 47715 | -1/Garrison | Discovered new exit (range 9) 47745 | -1/Garrison | Garrison Relay disabled 47756 | -1/Garrison | Triggered checkpoint 47767 | -1/Garrison | Triggered checkpoint 47793 | -1/Garrison | Destroyed 42 combat bots 47831 | -1/Garrison | Garrison Relay disabled 47834 | -1/Garrison | Triggered checkpoint 47864 | -1/Garrison | Garrison Relay disabled 47871 | -1/Garrison | Discovered new exit (range 17) 47880 | -1/Garrison | Phase Generator disabled 47882 | -1/Garrison | Destroyed 25 combat bots 47896 | -1/Garrison | Triggered checkpoint 47906 | -1/Garrison | Garrison Relay disabled 47920 | -1/Garrison | Discovered new exit (range 19) 48058 | -1/Garrison | Entered Access 48058 | -1/Access | Accompanied by 9 allies 48059 | -1/Access | Loaded intel: 99 machine locations 48112 | -1/Access | High security lockdown imminent 48114 | -1/Access | Spotted B-99 Colossus 48116 | -1/Access | Destroyed B-99 Colossus 48137 | -1/Access | Destroyed 7 combat bots 48150 | -1/Access | Reached level 39 48188 | -1/Access | Intercept squad dispatched 48192 | -1/Access | High security lockdown engaged 48206 | -1/Access | Spotted B-99 Colossus 48216 | -1/Access | Destroyed 7 combat bots 48219 | -1/Access | Spotted Tracker 48220 | -1/Access | Destroyed Tracker 48220 | -1/Access | Spotted Tracker 48222 | -1/Access | Destroyed Tracker 48287 | -1/Access | Spotted Combat Programmer 48288 | -1/Access | Destroyed Combat Programmer 48290 | -1/Access | Destroyed Combat Programmer 48336 | -1/Access | Destroyed 15 combat bots 48354 | -1/Access | Energy Cycler disabled 48404 | -1/Access | Spotted Striker 48411 | -1/Access | Destroyed Striker 48466 | -1/Access | Destroyed B-99 Colossus 48487 | -1/Access | Destroyed 42 combat bots 48510 | -1/Access | Spotted B-99 Colossus 48514 | -1/Access | Destroyed B-99 Colossus 48516 | -1/Access | Spotted B-99 Colossus 48545 | -1/Access | Spotted Executioner 48545 | -1/Access | Spotted Striker 48545 | -1/Access | Spotted Executioner 48545 | -1/Access | Spotted Striker 48547 | -1/Access | Destroyed Striker 48548 | -1/Access | Destroyed Executioner 48553 | -1/Access | Destroyed Striker 48556 | -1/Access | Destroyed Executioner 48558 | -1/Access | Garrison activated, responded to threat 48595 | -1/Access | Destroyed B-99 Colossus 48623 | -1/Access | Destroyed 40 combat bots 48663 | -1/Access | Intercept squad dispatched 48671 | -1/Access | Spotted Tracker 48671 | -1/Access | Spotted Tracker 48673 | -1/Access | Destroyed Tracker 48673 | -1/Access | Destroyed Tracker 48685 | -1/Access | Spotted Combat Programmer 48686 | -1/Access | Spotted Combat Programmer 48688 | -1/Access | Destroyed Combat Programmer 48692 | -1/Access | Destroyed Combat Programmer 48703 | -1/Access | Spotted Striker 48703 | -1/Access | Spotted Striker 48703 | -1/Access | Spotted Striker 48703 | -1/Access | Spotted Executioner 48703 | -1/Access | Spotted Striker 48704 | -1/Access | Destroyed Striker 48704 | -1/Access | Sterilization system engaged 48704 | -1/Access | Spotted Striker 48706 | -1/Access | Destroyed Striker 48709 | -1/Access | Spotted Executioner 48711 | -1/Access | Destroyed Striker 48713 | -1/Access | Destroyed Executioner 48718 | -1/Access | Destroyed Striker 48718 | -1/Access | Spotted Striker 48718 | -1/Access | Spotted Executioner 48721 | -1/Access | Destroyed Striker 48722 | -1/Access | Spotted Executioner 48723 | -1/Access | Destroyed Executioner 48731 | -1/Access | Destroyed Executioner 48738 | -1/Access | Destroyed Executioner 48775 | -1/Access | Destroyed 40 combat bots 48849 | -1/Access | Spotted B-99 Colossus 48875 | -1/Access | Spotted B-99 Colossus 48879 | -1/Access | Destroyed B-99 Colossus 48900 | -1/Access | Destroyed 9 combat bots 48906 | -1/Access | Destroyed B-99 Colossus 49004 | -1/Access | Ambient heat levels rising (+10) 49032 | -1/Access | Spotted B-99 Colossus 49037 | -1/Access | Destroyed B-99 Colossus 49100 | -1/Access | Destroyed 9 combat bots 49154 | -1/Access | Ambient heat levels rising (+10) 49265 | -1/Access | Discovered new exit (range 17) 49304 | -1/Access | Ambient heat levels rising (+10) 49315 | -1/Access | Entered Command 49316 | -1/Command | Identified exit to Surface 49317 | -1/Command | Loaded intel: 50 machine locations 49367 | -1/Command | Destroyed 9 combat bots 49409 | -1/Command | Disengaged cave seal 49411 | -1/Command | Disengaged cave seal 49466 | -1/Command | Destroyed 18 combat bots 49529 | -1/Command | Wild derelicts emerged from the dark tunnel 49565 | -1/Command | First assault squad dispatched 49566 | -1/Command | Destroyed 12 combat bots 49607 | -1/Command | High security lockdown imminent 49622 | -1/Command | Phase Generator disabled 49628 | -1/Command | Destroyed 14 combat bots 49687 | -1/Command | High security lockdown engaged 49735 | -1/Command | Spotted Striker 49736 | -1/Command | Spotted Executioner 49741 | -1/Command | Destroyed Striker 49748 | -1/Command | Destroyed Executioner 49787 | -1/Command | Destroyed 21 combat bots 49864 | -1/Command | Spotted Investigator 49884 | -1/Command | Destroyed Investigator 49890 | -1/Command | Destroyed 18 combat bots 49997 | -1/Command | Spotted Investigator 49997 | -1/Command | Destroyed Investigator 50005 | -1/Command | Spotted Striker 50011 | -1/Command | Destroyed Executioner 50018 | -1/Command | Spotted Executioner 50019 | -1/Command | Destroyed Executioner 50023 | -1/Command | Destroyed Striker 50044 | -1/Command | Destroyed 19 combat bots 50118 | -1/Command | Reached level 40 50215 | -1/Command | Spotted Striker 50216 | -1/Command | Destroyed Striker 50256 | -1/Command | Spotted Executioner 50256 | -1/Command | Spotted Striker 50256 | -1/Command | Spotted Striker 50257 | -1/Command | Destroyed Striker 50258 | -1/Command | Destroyed Executioner 50260 | -1/Command | Destroyed Striker 50291 | -1/Command | Destroyed 135 combat bots 50440 | -1/Command | Destroyed 54 combat bots 50483 | -1/Command | Spotted Striker 50483 | -1/Command | Spotted Executioner 50483 | -1/Command | Spotted Executioner 50485 | -1/Command | Destroyed Executioner 50488 | -1/Command | Spotted Striker 50493 | -1/Command | Spotted Striker 50495 | -1/Command | Destroyed Striker 50495 | -1/Command | Spotted Executioner 50496 | -1/Command | Destroyed Striker 50496 | -1/Command | Destroyed Striker 50496 | -1/Command | Destroyed Executioner 50505 | -1/Command | Spotted Executioner 50512 | -1/Command | Destroyed Executioner 50512 | -1/Command | Spotted Striker 50516 | -1/Command | Destroyed Executioner 50518 | -1/Command | Destroyed Striker 50524 | -1/Command | Destroyed Executioner 50532 | -1/Command | Destroyed Striker 50574 | -1/Command | Destroyed 37 combat bots 50679 | -1/Command | Destroyed 10 combat bots 50950 | -1/Command | Spotted B-99 Colossus 50959 | -1/Command | Destroyed B-99 Colossus 50980 | -1/Command | Destroyed 8 combat bots 51105 | -1/Command | Destroyed 86 combat bots 51283 | -1/Command | Destroyed 69 combat bots 51336 | -1/Command | Destroyed 15 combat bots 51375 | -1/Command | Spotted Striker 51378 | -1/Command | Spotted Alpha 7 51378 | -1/Command | Spotted Executioner 51379 | -1/Command | Destroyed Striker 51380 | -1/Command | Destroyed Executioner 51381 | -1/Command | Destroyed Executioner 51394 | -1/Command | Spotted B-99 Colossus 51404 | -1/Command | Destroyed Alpha 7 51419 | -1/Command | Spotted Striker 51419 | -1/Command | Spotted Executioner 51423 | -1/Command | Destroyed B-99 Colossus 51424 | -1/Command | Spotted Alpha 7 51424 | -1/Command | Spotted Executioner 51437 | -1/Command | Destroyed Striker 51440 | -1/Command | Destroyed Executioner 51441 | -1/Command | Destroyed Executioner 51441 | -1/Command | Spotted B-99 Colossus 51450 | -1/Command | Destroyed Alpha 7 51454 | -1/Command | Destroyed B-99 Colossus 51475 | -1/Command | Destroyed 7 combat bots 51643 | -1/Command | Destroyed 10 combat bots 51685 | -1/Command | Spotted M Guard 51685 | -1/Command | Spotted M Guard 51685 | -1/Command | Spotted Combat Programmer 51711 | -1/Command | Spotted Combat Programmer 51715 | -1/Command | Destroyed Combat Programmer 51716 | -1/Command | Destroyed Combat Programmer 51785 | -1/Command | Destroyed M Guard 51786 | -1/Command | Destroyed M Guard 51786 | -1/Command | All MAIN.C guards destroyed 51791 | -1/Command | Found Corrupted Zero-point Reactor 51795 | -1/Command | Found Corrupted Zero-point Reactor 51796 | -1/Command | System corruption reached 10% 51798 | -1/Command | Found Corrupted Prototype Device 51798 | -1/Command | Identified AEGIS Remote Shield 52103 | -1/Command | Build established: Scavenger-Sprinter 52170 | -1/Command | 0b10 Conduit disabled 52170 | -1/Command | Met MAIN.C 52185 | -1/Command | Destroyed MAIN.C Shell 52186 | -1/Command | MAIN.C activated Command garrisons 52210 | -1/Command | Destroyed MAIN.C 52335 | -1/Command | Discovered exit to Surface (range 38) 52335 | -1/Command | Discovered exit to Surface (range 113) 52335 | -1/Command | Extracted map data and part IDs from MAIN.C's data core 52457 | -1/Command | Found Omega Cannon 52476 | -1/Command | Found Zero-point Reactor 52847 | -1/Command | Found Beam Splitter 52883 | -1/Command | Found Exp. Focal Shield 52888 | -1/Command | Found Exp. System Purifier 52890 | -1/Command | Found Exp. Target Analyzer 52898 | -1/Command | Found Gamma Refractor 53098 | -1/Command | Found Exp. ECM Suite 53200 | -1/Command | Found Corrupted AEGIS Remote Shield 53340 | -1/Command | Found Exp. Hardlight Generator 53347 | -1/Command | Warped through subspace to slip node 53347 | -1/Command | Discovered new exit (range 4) 53359 | -1/Command | Entered Access_0 53360 | -1/Access_0 | Loaded intel: 45 machine locations 53360 | -1/Access_0 | Met Architect 53360 | -1/Access_0 | Spotted Enhanced Programmer 53362 | -1/Access_0 | Spotted Enhanced Programmer 53368 | -1/Access_0 | Spotted Enhanced Programmer 53373 | -1/Access_0 | Spotted Enhanced Programmer 53374 | -1/Access_0 | A6 warped into view 53402 | -1/Access_0 | Singularity Gate disabled 53419 | -1/Access_0 | Spotted Enhanced Programmer 53430 | -1/Access_0 | Destroyed A2 53431 | -1/Access_0 | Extracted Singularity Gate Test 138-C access codes from A2's data core 53434 | -1/Access_0 | Destroyed Enhanced Programmer 53447 | -1/Access_0 | Architect warped through subspace 53464 | -1/Access_0 | Destroyed A6 53511 | -1/Access_0 | Architect warped through subspace 53514 | -1/Access_0 | Destroyed A8 53547 | -1/Access_0 | Spotted Enhanced Programmer 53581 | -1/Access_0 | Singularity Gate disabled 53582 | -1/Access_0 | Architect warped through subspace 53589 | -1/Access_0 | Spotted Enhanced Programmer 53592 | -1/Access_0 | Destroyed Enhanced Programmer 53644 | -1/Access_0 | Destroyed Enhanced Programmer 53661 | -1/Access_0 | Architect warped through subspace 53738 | -1/Access_0 | Destroyed Architect 53746 | -1/Access_0 | Found Prototype Device 53746 | -1/Access_0 | Identified ST Field Compressor 53788 | -1/Access_0 | Spotted Enhanced Programmer 53792 | -1/Access_0 | Destroyed Enhanced Programmer 53797 | -1/Access_0 | Found Corrupted Prototype Device 53797 | -1/Access_0 | Identified Desublimator 53812 | -1/Access_0 | Spotted Enhanced Programmer 53828 | -1/Access_0 | Destroyed Enhanced Programmer 53854 | -1/Access_0 | Spotted Enhanced Programmer 53857 | -1/Access_0 | Destroyed Enhanced Programmer 53861 | -1/Access_0 | Destroyed Enhanced Programmer 53889 | -1/Access_0 | Destroyed Enhanced Programmer 53901 | -1/Access_0 | A4 warped into view 53906 | -1/Access_0 | Destroyed A4 53917 | -1/Access_0 | Destroyed Enhanced Programmer 53949 | -1/Access_0 | Subspace Access Node disabled 53978 | -1/Access_0 | Destroyed Enhanced Programmer 53983 | -1/Access_0 | Subspace Access Node disabled 54081 | -1/Access_0 | Subspace Access Node disabled 54102 | -1/Access_0 | A3 warped into view 54106 | -1/Access_0 | Reached level 41 54106 | -1/Access_0 | Destroyed A3 54109 | -1/Access_0 | Found Prototype Ballistic Gun 54109 | -1/Access_0 | Identified A3's Sniper Rifle 54156 | -1/Access_0 | Subspace Access Node disabled 54224 | -1/Access_0 | Found Exp. Sensor Array 54318 | -1/Access_0 | Build established: Hauler-Sprinter 54603 | -1/Access_0 | Triggered Gamma Refractor 54631 | -1/Access_0 | Found Hpw. Transdimensional Reconstructor 54692 | -1/Access_0 | Found Hpw. Transdimensional Reconstructor 54741 | -1/Access_0 | Found Exp. Target Analyzer 54747 | -1/Access_0 | Found Exp. Target Analyzer 54805 | -1/Access_0 | Found Sigix Corpse 54812 | -1/Access_0 | Warped through subspace to slip node 54812 | -1/Access_0 | Discovered exit to Surface (range 8) 54813 | -1/Access_0 | Warped through subspace to slip node 54815 | -1/Access_0 | Used Core Regenerator, restored core integrity (+180) 54819 | *** | Establishing 0b11! Last Messages --------------- 54749_ Discarded Exp. Target Analyzer. 54752_ Acquired Quantum Capacitor. 54757_ Acquired 15 matter. 54802_ EMDS Slug penetrates Analysis Chamber. 54802_ Analysis Chamber breached. 54804_ Dropped Adv. Particle Accelerator. 54805_ Dropped Exp. Reaction Control System. 54805_ Acquired Sigix Corpse. 54807_ Acquired Adv. Particle Accelerator. 54809_ Dropped Exp. Sensor Array. 54810_ Acquired Exp. Reaction Control System. 54812_ Dropped Exp. System Purifier. 54812_ Warped through subspace, drawn to slip node. 54812_ EXIT=FOUND: SURFACE 54813_ Warped through subspace, drawn to slip node. [Achievement: Rincewind] 54815_ Core integrity regenerated (+180). 54816_ Acquired Exp. System Purifier. [Achievement: Magneto] [Achievement: True Cogmind] Map ----- +----------------------------------------------------+ | | | | | | | | | | | | | | | | | | | | | | | | | | | | | | | | | ?????????????????????????????????????????????????? | | ?????????????????????????????????????????????????? | | ?????????????????????????????????????????????????? | | ?????????????????????????????????????????????????? | | ?????????????????????????????????????????????????? | | ?????????????????????????????????????????????????? | | ????????????????????????###??????????????????????? | | ???????????????????????## ##?????????????????????? | | ???????????????????????# #?????????????????????? | | ???????????????????????# @ #?????????????????????? | | ??????????????????????## #?????????????????????? | | ??????????????????????# #?????????????????????? | | ??????????????????????# ##?????????????????????? | | ??????????????????????## #?????????????????????? | | ??????????????????????# #?????????????????????? | | ??????????????????????# ##?????????????????????? | | ??????????????????????# < #?????????????????????? | | ??????????????????????# ##?????????????????????? | | ??????????????????????## #??????????????????????? | | ???????????????????????####??????????????????????? | | ?????????????????????????????????????????????????? | | ?????????????????????????????????????????????????? | | ?????????????????????????????????????????????????? | | ?????????????????????????????????????????????????? | | ?????????????????????????????????????????????????? | | ?????????????????????????????????????????????????? | | ?????????????????????????????????????????????????? | | ?????????????????????????????????????????????????? | | ?????????????????????????????????????????????????? | | ?????????????????????????????????????????????????? | | ?????????????????????????????????????????????????? | | ?????????????????????????????????????????????????? | | ?????????????????????????????????????????????????? | | ?????????????????????????????????????????????????? | +----------------------------------------------------+ Best States ------------- Heat Dissipation 183 Coolant Potential 100 Energy Generation 123 Energy Capacity 700 Matter Stores 300 Matter Capacity 300 Sight Range 27 Robot Scan Range 30 Terrain Scan Density 10 ECM Strength 3 Power Amplification 40 Additional Mass Support 25 Armor Coverage 900 Resistance: KI 30 Resistance: TH 75 Resistance: EM 75 Weapon Cycling 25 Phase Shifting 20 Evasion (%) 102 Core Analysis 12 Recoil Reduction 2 Matter Filtering 30 Energy Filtering 50 Particle Charging 75 Kinecelleration 50 Salvage Targeting 1 Offensive Hacking 32 Defensive Hacking 25 Item Schematics ----------------- Lgt. Armor Plating | -9/Materials | Hacked Enh. Autogun | -8/Materials | Scanalyzed Surge Thruster | -8/Materials | Hacked Scatter Rocket Array | -5/Factory | Hacked Adv. Surge Thruster | -4/Factory | Hacked Enh. Coil Gun | -4/Factory | Hacked Quantum Capacitor | -4/Factory | Hacked Hyp. Mass Driver | -4/Factory | Hacked Hyp. Railgun | -4/Factory | Hacked Recoil Nullifier | -4/Armory | Hacked Adv. Kinecellerator | -3/Research | Hacked Exp. Hacking Suite | -3/Research | Hacked Hvy. Dispersion Rifle | -3/Research | Hacked Prc. Phase Gun | -3/Research | Hacked Exp. Matter Compressor | -3/Quarantine | Archive Imp. Thermal Defense Suite | -3/Quarantine | Archive Graviton Reactor | -3/Quarantine | Archive Lrn. Phase Cannon | -3/Quarantine | Archive Cmb. Linear Gravjet | -3/Quarantine | Hacked Cld. Plasma Rifle | -3/Quarantine | Archive Mni. Smartbomb Launcher | -3/Quarantine | Archive Hvy. Wave Gun | -3/Quarantine | Archive Lgt. Neutrino Core | -3/Quarantine | Archive Prc. Matter Filter | -3/Quarantine | Archive Quantum Shading Machine | -3/Quarantine | Archive Adv. Micro-nuke Launcher | -3/Quarantine | Archive Imp. Energy Well | -3/Quarantine | Archive Cld. Field Propulsion Drive | -3/Quarantine | Archive Exp. Coolant Injector | -3/Quarantine | Archive Spectral Analyzer | -3/Quarantine | Archive Adv. EM Disruption Field | -3/Quarantine | Archive Helical Railgun | -3/Quarantine | Archive Centrium Heavy Armor Plating | -3/Quarantine | Archive Adv. Particle Accelerator | -2/Research | Hacked Cld. Q-thruster | -2/Research | Scanalyzed Beam Splitter | -2/Testing | Scanalyzed Prc. Energy Filter | -2/Testing | Hacked Exp. Biometal Medium Treads | -2/Testing | Archive Lgt. Regenerative Plating | -2/Testing | Hacked Hvy. Regenerative Plating | -2/Testing | Hacked Zero-point Reactor | -2/Testing | Hacked Exp. Shield Generator | -2/Testing | Hacked Exp. Weapon Cycler | -2/Testing | Hacked Lgt. Antimatter Cannon | -2/Testing | Archive Exp. Power Amplifier | -2/Testing | Archive Exp. Field Recycling Unit | -2/Testing | Archive Exp. Signal Interpreter | -2/Testing | Archive Exp. Energy Well | -2/Testing | Archive Exp. Terrain Scan Processor | -2/Testing | Archive Enh. Nova Cannon | -2/Section 7 | Hacked Adv. Myomer Leg | -2/Section 7 | Archive Electron Diverter | -2/Section 7 | Archive Hdn. Centrium Wheel | -2/Section 7 | Archive Cld. Linear Gravjet | -1/Command | Hacked Robot Schematics ------------------ S-27 Virus | -7/Data Miner | Free W-25 Informer | -7/Data Miner | Free G-50 Soldier | -7/Data Miner | Free H-55 Commando | -7/Data Miner | Free H-66 Slayer | -7/Data Miner | Free Y-72 Warden | -3/Quarantine | Archive B-74 Champion | -3/Quarantine | Archive T-07 Excavator | -3/Quarantine | Archive A-02 Transporter | -3/Quarantine | Archive S-43 Plague | -2/Testing | Archive E-15 Imp | -2/Testing | Archive K-01 Serf | -2/Testing | Archive G-73 Enforcer | -2/Testing | Archive L-61 Swordsman | -2/Testing | Archive R-10 Processor | -2/Testing | Archive Fabricated ------------ Surge Thruster | x2 | -6/Factory Surge Thruster | x2 | -6/Factory C-35 Carver | x3 | -5/Factory | Preloaded Scatter Rocket Array | x1 | -5/Factory Adv. Surge Thruster | x2 | -4/Factory Adv. Kinecellerator | x1 | -3/Research Adv. Particle Accelerator | x1 | -2/Research Adv. Particle Accelerator | x1 | -2/Research Cld. Q-thruster | x1 | -2/Research Cld. Q-thruster | x1 | -2/Research Prc. Energy Filter | x1 | -2/Testing Exp. Transmission Jammer | x1 | -2/Testing | Preloaded Exp. Power Amplifier | x1 | -1/Access Cld. Q-thruster | x1 | -1/Access Exp. Shield Generator | x1 | -1/Access Alien Tech Used ----------------- Core Expander Integrated Dissipator Transdimensional Reconstructor Core Stripper Dimensional Node Initializer High-powered Transdimensional Reconstructor Integrity Redistributor Integrated Reactor Microwarp Drive Integrated Mediator Sigix Shearcannon Terrabomb LRC Boosters LRC Storage Sigix Sheargun Matter Drive Drained L-Cannon Core Physics Calibrator Core Regenerator Achievements -------------- Big Bang Magneto Rincewind True Cogmind Challenges ------------ None RPGLIKE | -11 -10 -10 -9 -9 -9 -8 -8 -8 -8 -8 -7 -7 -7 -7 -6 -6 -6 -6 -6 -6 -6 -5 -5 -5 -5 -4 -4 -4 -4 -3 -3 -3 -2 -2 -2 -2 -1 -1 -1 -1 -1 --------- Run | Scr Mat Min Mat Min Exi Min Mat Gar Mat Gar Fac Low Low Dat Pro Fac Ext Cet Arc Hub Gar Fac Upp Upp War Pro Fac Arm Lab Res Qua Gar Res Tes Sec Gar Acc Gar Acc Com Ac0 Levels Raised 40 | . 3 1 5 . . 1 3 1 1 . 3 . . . 1 2 1 1 . . 1 1 . . 1 . 2 1 . 2 . 1 2 1 . . 2 . 1 1 1 XP Earned 63030 | 3000 5120 1032 7875 559 117 1308 4092 1139 1421 560 4641 109 208 248 685 3679 1259 1182 49 647 126 2538 139 99 1137 485 2675 830 348 2317 1345 223 2967 1413 762 194 2734 549 1082 1543 594 XP Spent 60945 | 1000 4250 . 6885 800 3500 1100 3610 . 1700 . 5790 1300 . . . 3060 200 . . 3150 . 3850 . . 600 . 3340 . 2100 . . 2600 3000 1300 2350 . 1170 . . 3330 960 Upgrades 93 | 2 8 . 15 1 8 1 6 . 1 . 8 6 . . . 6 1 . . 3 . 6 . . 1 . 4 . 1 . . 1 2 1 2 . 3 . . 4 2 Power Slot 1 | . . . . . . . . . . . 1 . . . . . . . . . . . . . . . . . . . . . . . . . . . . . . Propulsion Slot 6 | 1 . . . . 2 . . . . . 1 . . . . 1 . . . . . . . . . . . . . . . . 1 . . . . . . . . Utility Slot 8 | . . . 1 1 . 1 1 . 1 . 1 . . . . . . . . 1 . . . . . . . . . . . 1 . . . . . . . . . Weapon Slot 4 | 1 1 . . . 1 . 1 . . . . . . . . . . . . . . . . . . . . . . . . . . . . . . . . . . Core Integrity 9 | . . . 9 . . . . . . . . . . . . . . . . . . . . . . . . . . . . . . . . . . . . . . Heat Dissipation 23 | . 1 . . . 4 . 3 . . . 3 . . . . 2 . . . . . . . . . . 2 . . . . . . . 1 . 3 . . 2 2 Energy Generation 6 | . . . . . . . . . . . . . . . . . . . . 2 . 2 . . . . . . . . . . . 1 . . . . . 1 . Mass Support 5 | . . . . . . . . . . . . . . . . 1 . . . . . . . . 1 . 2 . 1 . . . . . . . . . . . . Inventory Capacity 8 | . 4 . 3 . . . . . . . . . . . . . . . . . . . . . . . . . . . . . . . 1 . . . . . . Sight Range 5 | . . . . . 1 . 1 . . . 2 . . . . . . . . . . . . . . . . . . . . . . . . . . . . 1 . Sensor Range 5 | . . . . . . . . . . . . 5 . . . . . . . . . . . . . . . . . . . . . . . . . . . . . Ranged Accuracy 5 | . 2 . 2 . . . . . . . . 1 . . . . . . . . . . . . . . . . . . . . . . . . . . . . . Hack Attack % 5 | . . . . . . . . . . . . . . . . . . . . . . 4 . . . . . . . . . . 1 . . . . . . . . KI Damage % 2 | . . . . . . . . . . . . . . . . 2 . . . . . . . . . . . . . . . . . . . . . . . . . TH Damage % 1 | . . . . . . . . . . . . . . . . . 1 . . . . . . . . . . . . . . . . . . . . . . . . Protomatter Created 70096 | . 452 10 846 32 7 160 1013 384 733 398 2612 32 415 342 367 2329 1684 2046 74 2591 512 2891 367 273 5361 556 3205 3275 66 3515 3028 713 3366 3229 1500 1253 3759 1288 4033 10619 760 Integrity Restored 40099 | . 458 412 1974 169 372 473 505 218 136 195 968 44 38 64 115 1331 931 1201 18 1047 174 827 59 57 2163 414 1046 729 362 1532 3189 342 2879 1716 1143 384 2518 418 2557 4998 1923 Core 29551 | . 366 386 1493 84 358 319 272 168 98 145 761 21 30 56 92 1052 720 880 14 718 112 642 46 50 1630 334 790 566 288 1019 2565 247 2250 1223 757 184 1730 242 2028 3664 1151 Parts 10548 | . 92 26 481 85 14 154 233 50 38 50 207 23 8 8 23 279 211 321 4 329 62 185 13 7 533 80 256 163 74 513 624 95 629 493 386 200 788 176 529 1334 772 Protomatter Decayed 54388 | . 163 . 60 39 2 . 527 309 706 344 2338 76 402 65 327 1863 1427 1889 67 1684 451 2667 346 213 4321 414 2817 2927 . 2956 1782 594 2415 2816 1152 1014 2433 1033 2868 8010 871 Game ------ Seed linkeddronetrap Manual? 1 Play Time 17:58:40 Cumulative 624.7 hours Start 2022.12.11 @ 03:12:47 End 2022.12.14 @ 02:26:17 Sessions 19 Manual Loads 0 Difficulty Rogue Special Mode Winter2019/RPGLIKE Game No. 68 Rogue 53 Adventurer 5 Explorer 10 Win Type 1 Total 25 Types 6/7/4/0/3/1/3/0/1 Lore% 89 Gallery% 95 Achievement% 85 Wizard Run 0 Options --------- ASCII 0 Keyboard 1 Movement Arrows Keybinds 0 Fullscreen 2 Font 18/SmallcapsGlow Map View 76x50 Tactical HUD 1 Map Filters NONE Filters NONE Steam 1 RUN: 48a4a1de-d80a-4388-b8f2-7a858467e6e7